 Dungeon Crawl Stone Soup version 0.25-a0-869-g05d4e06a41 (webtiles) character file.

Game seed: 17945918195075931221, levelgen mode: deterministic

1458530 marsu the Metallomancer (level 27, 167/167 HPs)
             Began as a Gargoyle Earth Elementalist on May 1, 2020.
             Was the Champion of Vehumet.
             Escaped with the Orb
             ... and 3 runes!
             The game lasted 04:34:49 (101187 turns).

marsu the Metallomancer (GrEE)                    Turns: 101187, Time: 04:34:49

Health: 167/167    AC: 52    Str: 13    XL:     27
Magic:  38/49      EV: 22    Int: 28    God:    Vehumet [******]
Gold:   2948       SH: 16    Dex: 15    Spells: 19/70 levels left

rFire    + + .     SeeInvis +   b - staff of earth
rCold    + . .     Gourm    .   R - +3 kite shield "Uluc" {+Inv Dex+5}
rNeg     + + +     Faith    .   P - +9 pearl dragon scales
rPois    ∞         Spirit   .   w - +2 hat {MR+} {MR+}
rElec    +         Reflect  .   L - scarf {rC+ rF+}
rCorr    .         Harm     .   h - +2 pair of gloves
MR       +++..                  z - +2 pair of boots {run} {Speed+}
Stlth    ..........             d - amulet "Enustrisk" {rF+ rN+ Regen+}
HPRegen  0.77/turn              A - ring of Phasing {EV+8}
MPRegen  0.31/turn              S - ring of see invisible

@: flying, quick
A: big wings, blurry vision 1, deformed body, frail 1, negative energy
resistance 1, electricity resistance, unbreathing, petrification resistance, rot
immunity, AC +20
0: Orb of Zot
}: 3/15 runes: decaying, slimy, gossamer
a: Stop Flying, Renounce Religion, Evoke Invisibility


You escaped.
You worshipped Vehumet.
Vehumet was exalted by your worship.
You were very full.

You visited 11 branches of the dungeon, and saw 54 of its levels.
You visited the Abyss 1 time.
You also visited: Sewer, Volcano and Wizlab.

You collected 6436 gold pieces.
You spent 3488 gold pieces at shops.

Inventory:

Hand Weapons
 a - a +6 demon trident of electrocution
Missiles
 o - 6 curare-tipped darts
 Q - 792 stones (quivered)
 X - 7 throwing nets {=f}
Armour
 h - a +2 pair of gloves (worn)
 w - a +2 hat of magic resistance (worn) {MR+}
 z - a +2 pair of boots of running (worn) {Speed+}
 L - a scarf of resistance (worn)
 P - +9 pearl dragon scales (worn)
 R - the +3 kite shield "Uluc" (worn) {+Inv Dex+5}
   (You acquired it on level 4 of the Swamp)

   It affects your dexterity (+5).
   It lets you turn invisible.
 V - the +3 helmet "Ydoroat" {rCorr Dex+7}
   (You found it on level 1 of the Depths)

   It affects your dexterity (+7).
   It provides partial protection from all sources of acid and corrosion.
Magical Staves
 b - an uncursed staff of earth (weapon)
Jewellery
 d - the amulet "Enustrisk" (around neck) {rF+ rN+ Regen+}
   (You found it on level 4 of the Swamp)

   [amulet of regeneration]

   It protects you from fire.
   It protects you from negative energy.
   It increases your rate of regeneration.
 A - the ring of Phasing (left hand) {EV+8}
   (You took it off a deep elf mage on level 3 of the Elven Halls)

   [ring of evasion]

   It affects your evasion (+8).
 G - the ring of the Clam {EV+5 Int+2}
   (You found it on level 13 of the Dungeon)

   [ring of evasion]

   It affects your evasion (+5).
   It affects your intelligence (+2).
 M - an uncursed ring of protection from magic
 S - a ring of see invisible (right hand)
Wands
 D - a wand of digging (25)
 F - a wand of acid (25)
 K - a wand of iceblast (19)
 W - a wand of paralysis (47)
Scrolls
 e - 10 scrolls of fear
 f - 4 scrolls of fog
 g - 27 scrolls of teleportation
 i - 15 scrolls of identify
 r - 2 scrolls of summoning
 v - 5 scrolls of magic mapping {!r}
 B - 9 scrolls of blinking {!r}
 I - 6 scrolls of immolation {!r}
 Y - 19 scrolls of remove curse
 Z - 4 scrolls of holy word {!r}
Potions
 c - 4 potions of resistance
 j - 4 potions of magic
 k - 4 potions of brilliance
 l - 12 potions of curing
 m - 5 potions of cancellation
 n - 8 potions of heal wounds
 p - 3 potions of invisibility
 t - 4 potions of mutation {!q}
 u - 6 potions of haste
 x - 12 potions of berserk rage {!q}
 H - 5 potions of might
 J - 14 potions of lignification {!q}
 O - 4 potions of ambrosia
Miscellaneous
 q - a phial of floods
 s - 3 boxes of beasts
 y - 3 phantom mirrors
 T - a lightning rod (4/4)
 U - 4 tins of tremorstones
Comestibles
 E - 70 rations


   Skills:
 + Level 22.8 Fighting
 - Level 4.9 Polearms
 - Level 18.0 Armour
 - Level 10.0 Dodging
 - Level 2.1 Stealth
 - Level 15.0 Shields
 + Level 22.2 Spellcasting
 - Level 18.0 Conjurations
 - Level 10.0 Summonings
 - Level 5.0 Translocations
 - Level 0.7 Transmutations
 - Level 3.0 Fire Magic
 - Level 24.0 Earth Magic


You had 19 spell levels left.
You knew the following spells:

 Your Spells              Type           Power        Failure   Level  Hunger
b - Bolt of Magma         Conj/Fire/Erth ########..   1%          5    None
c - Blink                 Tloc           N/A          1%          2    None
d - Passage of Golubria   Tloc           N/A          4%          4    None
e - Iron Shot             Conj/Erth      ########..   1%          6    None
f - Lehudib's Crystal Sp  Conj/Erth      ########..   1%          8    #####..
g - Shatter               Erth           ########..   5%          9    ######.
h - Spellforged Servitor  Conj/Summ      #######...   2%          7    ###....
w - Passwall              Tmut/Erth      ########     1%          2    None
x - Stone Arrow           Conj/Erth      ######       0%          3    None
z - Lee's Rapid Deconstr  Erth           ########..   0%          5    None

Your spell library contained the following spells:

 Spells                   Type           Power        Failure   Level  Hunger
 Fire Storm               Conj/Fire      ######....   100%        9    ######.
 Magic Dart               Conj           ####         0%          1    None
 Sandblast                Erth           ######       0%          1    None
 Searing Ray              Conj           ######       0%          2    None
 Foxfire                  Conj/Fire      ####         1%          1    None
 Shock                    Conj/Air       ####         1%          1    None
 Summon Small Mammal      Summ           ####         1%          1    None
 Call Imp                 Summ           ######..     1%          2    None
 Shroud of Golubria       Chrm/Tloc      #####.       1%          2    None
 Call Canine Familiar     Summ           ######..     1%          3    None
 Conjure Flame            Conj/Fire      ######..     1%          3    None
 Dazzling Flash           Conj/Hex       ######       1%          3    None
 Gell's Gravitas          Tloc           ######....   1%          3    None
 Ignite Poison            Fire/Tmut/Pois #####...     1%          3    None
 Inner Flame              Hex/Fire       #####...     1%          3    None
 Lesser Beckoning         Tloc           ######....   1%          3    None
 Mephitic Cloud           Conj/Pois/Air  ######..     1%          3    None
 Recall                   Summ/Tloc      N/A          1%          3    None
 Static Discharge         Conj/Air       ######..     1%          3    None
 Summon Guardian Golem    Hex/Summ       ######..     1%          3    None
 Teleport Other           Tloc           ######..     1%          3    None
 Fulminant Prism          Conj/Hex       ######....   1%          4    None
 Iskenderun's Mystic Bla  Conj/Tloc      #######.     1%          4    None
 Leda's Liquefaction      Hex/Erth       #######...   1%          4    None
 Petrify                  Tmut/Erth      ########     1%          4    None
 Sticky Flame             Conj/Fire      ######..     1%          4    None
 Fireball                 Conj/Fire      ######....   1%          5    None
 Irradiate                Conj/Tmut      ######....   1%          5    None
 Lightning Bolt           Conj/Air       ######....   1%          5    None
 Animate Skeleton         Necr           N/A          3%          1    None
 Corona                   Hex            ####...      3%          1    None
 Pain                     Necr           ####         3%          1    None
 Portal Projectile        Hex/Tloc       #####.       4%          3    None
 Summon Ice Beast         Ice/Summ       ######..     4%          4    None
 Summon Lightning Spire   Summ/Air       ######..     4%          4    None
 Conjure Ball Lightning   Conj/Air       ######....   4%          6    None
 Corpse Rot               Necr/Air       N/A          5%          2    None
 Ensorcelled Hibernation  Hex/Ice        ####..       5%          2    None
 Slow                     Hex            ####....     5%          2    None
 Swiftness                Chrm/Air       ####....     5%          2    None
 Confusing Touch          Hex            ####....     11%         3    None
 Tukima's Dance           Hex            ####....     11%         3    None
 Vampiric Draining        Necr           ####......   11%         3    None
 Airstrike                Air            ####......   11%         4    None
 Freezing Cloud           Conj/Ice/Air   ######....   13%         6    None
 Yara's Violent Unravell  Hex/Tmut       ####......   22%         5    None
 Ice Form                 Ice/Tmut       ####....     30%         4    None
 Animate Dead             Necr           N/A          36%         4    None
 Cause Fear               Hex            ####......   36%         4    None
 Dispel Undead            Necr           ####....     36%         4    None
 Dispersal                Tloc           ######....   58%         6    None
 Alistair's Intoxication  Tmut/Pois      ####....     65%         5    None
 Agony                    Necr           ####....     71%         5    None
 Excruciating Wounds      Chrm/Necr      ####......   71%         5    None
 Metabolic Englaciation   Hex/Ice        ####......   71%         5    None
 Silence                  Hex/Air        ####......   71%         5    None
 Ozocubu's Refrigeration  Ice            ####......   78%         6    None
 Eringya's Noxious Bog    Tmut/Pois      ####......   99%         6    None
 Simulacrum               Ice/Necr       ####......   99%         6    None
 Controlled Blink         Tloc           N/A          100%        8    #####..
 Disjunction              Tloc           ######....   100%        8    #####..
 Tornado                  Air            ####......   100%        9    ######.
 Statue Form              Tmut/Erth      Unusable     N/A         6    N/A
 Sublimation of Blood     Necr           Unusable     N/A         2    N/A

Dungeon Overview and Level Annotations

Branches:
Dungeon (15/15)            Temple (1/1) D:7            Lair (6/6) D:11
  Swamp (4/4) Lair:2       Spider (4/4) Lair:3        Slime (5/5) Lair:6
    Orc (2/2) D:9             Elf (3/3) Orc:2        Vaults (4/5) D:13
  Crypt (0/3) Vaults:3     Depths (5/5) D:15            Zot (5/5) Depths:5
  Sewer (visited)         Volcano (visited)          WizLab (visited)

Altars:
Ashenzari
Cheibriados
Dithmenos
Elyvilon
Fedhas
Gozag
Hepliaklqana
Kikubaaqudgha
Makhleb
Nemelex Xobeh
Okawaru
Qazlal
Ru
Sif Muna
Trog
Uskayaw
Vehumet
Wu Jian
Xom
Yredelemnul
Zin
The Shining One
Beogh

Shops:
D:4 *   D:8 ?   D:14 [   Orc:2 !}[?%   Vaults:1 (*:!*   Vaults:3 [   Vaults:4 }
Depths:2 (   Depths:4 =}}=

Portals:
Hell: Lair:6 Depths:1 Depths:2 Depths:3 Depths:4 Depths:5
Abyss: Depths:4
Pandemonium: Orc:2 Depths:3
Ziggurat: Depths:3

Annotations:
D:5 Dowan
D:6 5 runed translucent doors, 1 exclusion, Sigmund
D:8 exclusion: downstairs
D:13 1 runed translucent door
Lair:1 Gastronok
Lair:6 exclusion: door
Swamp:4 RedPan's ghost, adept DrIE
Slime:4 exclusion: upstairs
Elf:2 3 runed translucent doors
Elf:3 3 runed translucent doors, 1 exclusion, Qutubeot's ghost, adept GrEE
Vaults:2 Mennas
Vaults:4 exclusion: downstairs


Innate Abilities, Weirdness & Mutations

You are resistant to torment.
Your stone body is resilient. (AC +20)
You are immune to poison.
Your large and strong wings let you fly indefinitely.
You resist negative energy. (rN+)
You are resistant to electric shocks. (rElec)
You can survive without breathing.
You are immune to petrification.
You are immune to rotting.
Scrolls take you a little longer to read.
Armour fits poorly on your strangely shaped body.
You are frail. (-10% HP)


Message History

There is a stone staircase leading up here.
You fly upwards.
There is a stone staircase leading down here.
A sixfirhy and 2 torturous demonspawn come into view.
A torturous demonspawn is wielding a +2 demon whip of freezing.
You regained 15 mp, and now have 32/49 mp.
The torturous demonspawn shouts!
You block the sixfirhy's attack.
The sixfirhy hits you but does no damage.
The sixfirhy misses you. You block the sixfirhy's attack.
There is an open door here.
The sixfirhy hits you but does no damage.
The sixfirhy closely misses you. The sixfirhy completely misses you.
You block the sixfirhy's attack. x2; The sixfirhy misses you.
The sixfirhy completely misses you.
The sixfirhy hits you but does no damage. x2
There is a staircase leading out of the dungeon here.
The sixfirhy misses you.
You have escaped!

.....###..#..###......)......####
.................###.#.##........
###.####.##............##....###.
.....###.#...................# ##
.#.#.÷......###############..#
...####.#...# #...# #6.# .###
#>....# #...# #3.# .# #.....#
###...### #6.## .######.#...#
#@3.....# #..>#
.#..........####.....6.####...#
...###..#...#..........6..#..##
.###........'......⌠......'..#
.###.#.#....#.............#..# ##
.##..#.#....####.......####..###.
..#....#....# #.......# #......
............# ###...### #..####
.##...#..#..# #...# #..###


You could see 2 demonspawn and a sixfirhy.

Levels and vault maps discovered:
D:1:      minmay_arrival_cross, layout_rooms
D:2:      layout_basic, roderic_lattice_a, okawaru_gym_becter
D:3:      layout_loops_corners, first_ration, gup_sewer_entry_bowl
D:4:      cheibrodos_fertilizer, layout_loops_ring, elyvilon_altar_1,
          minmay_misc_feat_alley, minmay_shop_damaged, minmay_starry_boxes
D:5:      layout_loops_ring, supply_closet_lemuel, uniq_duvessa
D:6:      layout_rooms, hex_medium, minmay_guarded_unrand_staff_of_olgreb,
          uniq_sigmund
D:7:      layout_basic, minmay_temple_entry_butterflies
D:8:      layout_loops_cross, serial_shops, kennysheep_mini_moat
D:9:      layout_irregular_city, kennysheep_orc_monster_closet_entryway
D:10:     layout_irregular_city, uniq_erica, uniq_nergalle
D:11:     layout_roguey, dpeg_lair_monsters, david_nohive_1, uniq_fannar
D:12:     layout_loops_cross, basic_altar
D:13:     layout_loops_corners, lightli_vaults_fourway_checkpoint,
          kennysheep_treasure_room
D:14:     layout_basic, grunt_dithmenos_smoke_and_mirrors, serial_shops,
          shop_fountains, kennysheep_generic_room_8
D:15:     hangedman_depths_entry_civil_slaughter, layout_irregular_city
Temple:   compressed_dpeg_triangle_lava_temple
Lair:1:   layout_roguey, special_room [special_room_bee],
          grunt_forest_large_clearings, minmay_lair_oklob_chamber,
          infiniplex_staircase_pool_2, uniq_gastronok
Lair:2:   layout_concentric_octagons, nicolae_swamp_entry_splash_gauntlet,
          serial_forest, infiniplex_forest_clump_small,
          infiniplex_forest_corner_2, infiniplex_forest_clump_C,
          infiniplex_forest_side_room, infiniplex_forest_lined_ring,
          nicolae_volcano_entry_batcave
Lair:3:   layout_regular_city, nicolae_spider_entry_orb_guardian, uniq_urug
Lair:4:   layout_big_grid, serial_bayou_shore_b
Lair:5:   layout_cave_pods, beast_lair_carwin_6
Lair:6:   evil_forest, layout_regular_city, minmay_slime_entry_oklob_open,
          serial_bayou_shore_a
Swamp:1:  layout_falls_marsh, basic_altar
Swamp:2:  layout_falls_marsh, evilmike_swamp_ruin_house_3, uniq_aizul,
          uniq_louise
Swamp:3:  layout_basic_swamp, nicolae_swamp_feature_on_the_river_bank,
          swamp_pool1
Swamp:4:  swamp_alternative, layout_basic_swamp, gammafunk_ghost_hydra_chop,
          swamp_pool1, nicolae_swamp_round_clearing, uniq_bai_suzhen
Spider:1: layout_spider_delve, uniq_asterion
Spider:2: layout_spider_delve
Spider:3: lemuel_spider_zombies, uniq_mara
Spider:4: spider_rune_water, nicolae_orb_stairs
Slime:1:  layout_caves
Slime:2:  layout_caves, nicolae_slime_barrier
Slime:3:  layout_caves, uniq_dissolution
Slime:4:  layout_caves
Slime:5
Orc:1:    layout_diamond_mine, basic_altar
Orc:2:    pf_orc_diabolical, layout_diamond_mine, serial_shops,
          nicolae_shop_stone, nicolae_orc_sculptors_studio, lemuel_statue_altar,
          uniq_saint_roka, uniq_maurice, uniq_erolcha
Elf:1:    eino_elf_arrival_sip, layout_geoelf_grid, mu_enter_wizlab_5,
          minmay_elf_crystal_hexagon, grunt_ministairs_10, uniq_donald
Elf:2:    layout_geoelf_grid
Elf:3:    minmay_elf_hall_curves, layout_loops_corners, gammafunk_ghost_split
Vaults:1: nicolae_vaults_border_crossing, v_rooms_5, nicolae_vaults_asterisk,
          ontoclasm_vaults_idyll, v_misc_22, v_alt_pattern_3,
          layout_vaults_quadrants, serial_shops, shop_statue, shop,
          nicolae_shop_waterfront, shop, shop
Vaults:2: vaults_room_octagon, nicolae_vaults_back_hallway, v_misc_23,
          nicolae_vaults_circle_grid_b, nicolae_vaults_little_squares_6,
          grunt_vaults_diagonal, layout_vaults_chaotic_city, uniq_mennas
Vaults:3: nicolae_vaults_big_ls, v_misc_23, nicolae_vaults_theta,
          hangedman_vaults_capsules, v_misc_4, grunt_vaults_hallway_short,
          vaults_dpeg_encased_lava, nicolae_vaults_little_squares_5,
          nicolae_vaults_bisected_slash, hangedman_vaults_stitches,
          minmay_crypt_entry_skeletal_spiral, hangedman_vaults_variations,
          hangedman_vaults_maws, layout_vaults_maze_bifur, serial_shops, shop,
          uniq_sojobo
Vaults:4: nicolae_vaults_disjoint_gnomons, ontoclasm_vaults_hangar, v_misc_2,
          vaults_room_hallway, vaults_mumra_lcd,
          nicolae_vaults_little_squares_3, nicolae_vaults_mini_display_case,
          ontoclasm_vaults_idyll, v_rooms_3, nicolae_vaults_rhombus_7,
          nicolae_vaults_rhombus_6, st_cells, vaults_room_hallway,
          layout_vaults_omnibox, serial_shops, nicolae_shop_behind_doors
Depths:1: layout_cave_shapes, kennysheep_cross_bottleneck, hell_entry,
          minmay_statues_item, minmay_evil_grid
Depths:2: kennysheep_cluttered_fort, layout_cave_pools, serial_shops,
          shop_fountains, grunt_mini_vestibule
Depths:3: kennysheep_bubble_arena, layout_cave_pools, enter_ziggurat_c,
          hell_entry, pan_entry
Depths:4: cell_vault, layout_cross, pf_coc_iceberg, serial_shops,
          nicolae_shop_crystal, nicolae_abyss_entry_one_way_or_another,
          lemuel_nasty_fountain, minmay_shop_grove,
          infiniplex_staircase_door_maze
Depths:5: grunt_zot_entry_tricorne, layout_gridville, hell_entry,
          grunt_decor_mini_mirrors, grunt_ministairs_8
Zot:1:    lemuel_firehouse, layout_concentric_octagons
Zot:2:    grunt_zot_stairs_overgrown, layout_basic
Zot:3:    layout_cathedral_of_symmetry, zot_minivault_1
Zot:4:    ebering_klown_carousel, layout_cellular_growth
Zot:5:    layout_twisted_circle, basic_altar

Notes
Turn   | Place    | Note
-------+----------+-------------------------------------------
     0 | D:1      | marsu the Gargoyle Earth Elementalist began the quest for
                  | the Orb.
     0 | D:1      | Reached XP level 1. HP: 10/10 MP: 3/3
    92 | D:1      | Identified a +0 club
    94 | D:1      | Reached skill level 4 in Earth Magic
    94 | D:1      | Reached XP level 2. HP: 15/16 MP: 1/5
   178 | D:1      | Identified a +0 short sword
   244 | D:1      | Identified a +0 whip
   265 | D:1      | Reached skill level 1 in Fighting
   375 | D:1      | Identified a +0 dagger
   381 | D:1      | Identified a +0 dagger
   426 | D:1      | Reached XP level 3. HP: 12/20 MP: 6/6
   569 | D:1      | Identified a +0 club
   924 | D:1      | Identified a +0 dagger
   977 | D:1      | Identified a +0 helmet (You found it on level 1 of the
                  | Dungeon)
   987 | D:1      | Identified a +0 leather armour (You found it on level 1 of
                  | the Dungeon)
   994 | D:2      | Learned a level 3 spell: Stone Arrow
   997 | D:2      | Learned a level 2 spell: Passwall
  1014 | D:2      | Identified an amulet of regeneration (You found it on level
                  | 2 of the Dungeon)
  1170 | D:2      | Identified a +0 dagger
  1240 | D:2      | Identified a +0 dagger
  1330 | D:2      | Identified a +0 dagger
  1358 | D:2      | Reached XP level 4. HP: 26/26 MP: 4/7
  1453 | D:2      | Found an iron altar of Okawaru.
  1540 | D:2      | Reached skill level 5 in Earth Magic
  1597 | D:2      | Identified a +0 short sword
  1607 | D:2      | Identified a +0 pair of boots (You found it on level 2 of
                  | the Dungeon)
  1709 | D:2      | Reached skill level 2 in Fighting
  1746 | D:2      | Identified a +0 club
  1803 | D:2      | Identified a +0 dagger
  1821 | D:2      | Reached XP level 5. HP: 30/30 MP: 7/9
  1963 | D:2      | Identified a ring of stealth (You found it on level 2 of
                  | the Dungeon)
  1975 | D:2      | Identified a +0 cloak (You found it on level 2 of the
                  | Dungeon)
  2021 | D:2      | Identified a +0 club
  2090 | D:3      | Identified 4 scrolls of identify
  2090 | D:3      | Identified 2 potions of curing
  2138 | D:3      | Found a glowing drain.
  2142 | Sewer    | Entered a sewer
  2146 | Sewer    | Identified a +0 dagger
  2221 | Sewer    | Noticed Purgy
  2223 | Sewer    | Identified 2 potions of degeneration
  2224 | Sewer    | Identified a potion of heal wounds
  2225 | Sewer    | Identified a potion of cancellation
  2235 | Sewer    | Killed Purgy
  2235 | Sewer    | Reached skill level 3 in Spellcasting
  2235 | Sewer    | Reached skill level 1 in Conjurations
  2235 | Sewer    | Reached skill level 6 in Earth Magic
  2235 | Sewer    | Reached XP level 6. HP: 36/36 MP: 6/10
  2329 | D:3      | Identified a +0 leather armour
  2442 | D:3      | Identified a +0 flail
  2442 | D:3      | Identified a +0 ring mail
  2479 | D:3      | Identified a +0 dagger
  2483 | D:3      | Identified a +0 short sword
  2878 | D:3      | Identified a +0 dagger
  2878 | D:3      | Identified a +0 robe
  2879 | D:3      | Identified a +0 flail
  2879 | D:3      | Identified a +0 chain mail
  2881 | D:3      | Identified a +0 hand axe
  2881 | D:3      | Identified a +0 leather armour
  2881 | D:3      | Identified a +0 falchion
  2883 | D:3      | Identified a cursed -2 club
  2883 | D:3      | Identified a cursed +0 leather armour
  2915 | D:3      | Identified a ring of positive energy (You found it on level
                  | 3 of the Dungeon)
  2937 | D:3      | Reached skill level 3 in Fighting
  3069 | D:3      | Identified a ring of ice (You found it on level 3 of the
                  | Dungeon)
  3071 | D:3      | Identified a ring of protection (You found it on level 3 of
                  | the Dungeon)
  3096 | D:4      | Identified 2 potions of berserk rage
  3098 | D:4      | Identified an amulet of inaccuracy (You found it on level 4
                  | of the Dungeon)
  3099 | D:4      | Identified 2 scrolls of enchant armour
  3106 | D:4      | Identified a scroll of random uselessness
  3107 | D:4      | Identified 3 scrolls of fear
  3108 | D:4      | Identified a scroll of remove curse
  3111 | D:4      | Identified an amulet of the gourmand (You found it in a
                  | sewer)
  3132 | D:4      | Identified a cursed +0 club
  3132 | D:4      | Identified a +0 hand axe
  3132 | D:4      | Identified a cursed +0 leather armour
  3132 | D:4      | Identified a +0 dagger
  3132 | D:4      | Identified a +0 ring mail
  3132 | D:4      | Identified a +0 mace
  3139 | D:4      | Identified a cursed -2 war axe
  3261 | D:4      | Reached skill level 2 in Conjurations
  3603 | D:4      | Found Piup's Lightly-Used Armoury.
  3607 | D:4      | Bought a -2 demon trident for 60 gold pieces
  3615 | D:4      | Found a white marble altar of Elyvilon.
  3764 | D:4      | Reached XP level 7. HP: 40/41 MP: 9/12
  3792 | D:4      | Identified a +0 buckler (You found it on level 4 of the
                  | Dungeon)
  3812 | D:4      | Identified a +0 short sword
  3812 | D:4      | Identified a +0 whip
  3812 | D:4      | Identified a +0 dagger
  3873 | D:4      | Identified a +0 war axe
  3874 | D:4      | Identified a +0 trident
  3874 | D:4      | Identified a +0 ring mail
  3905 | D:4      | Reached skill level 1 in Shields
  4080 | D:4      | Identified a +0 dagger
  4080 | D:4      | Identified a +0 scale mail
  4242 | D:4      | Reached skill level 7 in Earth Magic
  4356 | D:4      | Identified a cursed -1 pair of gloves (You found it on
                  | level 4 of the Dungeon)
  4421 | D:5      | Entered Level 5 of the Dungeon
  4475 | D:5      | Reached skill level 2 in Shields
  4522 | D:5      | Identified a +0 dagger
  4522 | D:5      | Identified a +0 robe
  4522 | D:5      | Noticed Dowan
  4551 | D:5      | Identified a +0 whip
  4551 | D:5      | Identified a +0 robe
  4551 | D:5      | Identified a +0 halberd
  4553 | D:5      | Identified a +0 halberd
  4558 | D:5      | Identified a +0 spear
  4683 | D:5      | Identified a +0 shortbow
  4784 | D:5      | Learned a level 5 spell: Lee's Rapid Deconstruction
  4874 | D:5      | Reached skill level 4 in Spellcasting
  4874 | D:5      | Reached skill level 3 in Conjurations
  4892 | D:5      | Identified a cursed +0 shortbow
  4897 | D:5      | Reached skill level 3 in Shields
  4897 | D:5      | Reached XP level 8. HP: 40/46 MP: 11/14
  5281 | D:5      | Identified a cursed +0 leather armour (You found it on
                  | level 5 of the Dungeon)
  5468 | D:6      | Found a runed translucent gate.
  5468 | D:6      | Found a runed translucent gate.
  5468 | D:6      | Found a runed translucent gate.
  5468 | D:6      | Identified a +0 scythe
  5468 | D:6      | Identified a +0 robe
  5468 | D:6      | Noticed Sigmund
  5597 | D:6      | Identified a +0 shortbow
  5598 | D:6      | Identified a +0 hand axe
  5664 | D:6      | Identified a cursed -1 mace
  5674 | D:6      | Identified a +0 dagger
  5674 | D:6      | Identified a +0 robe
  5696 | D:6      | Identified a +0 hand axe
  5801 | D:6      | Identified a +0 dagger
  5801 | D:6      | Identified a +0 robe
  5801 | D:6      | Identified a +0 dagger
  5801 | D:6      | Identified a +0 robe
  5801 | D:6      | Identified a +0 dagger
  5811 | D:6      | Reached skill level 4 in Fighting
  5811 | D:6      | Reached skill level 4 in Shields
  5823 | D:6      | Identified a +0 dagger
  5823 | D:6      | Identified a +0 robe
  5916 | D:6      | Found a runed translucent door.
  5926 | D:6      | Found a runed translucent door.
  5928 | D:6      | Found the +9 staff of Olgreb {rPois∞}
  5996 | D:6      | Identified a cursed -1 club
  5996 | D:6      | Identified a +0 leather armour
  5999 | D:6      | Reached skill level 8 in Earth Magic
  6013 | D:6      | Reached skill level 4 in Conjurations
  6016 | D:6      | Identified a ring of intelligence (You found it on level 6
                  | of the Dungeon)
  6018 | D:6      | Identified a ring of teleportation (You found it on level 6
                  | of the Dungeon)
  6265 | D:7      | Identified a +1 cloak (You found it on level 7 of the
                  | Dungeon)
  6318 | D:7      | Reached skill level 5 in Spellcasting
  6356 | D:7      | Reached skill level 5 in Fighting
  6526 | D:7      | Reached XP level 9. HP: 53/54 MP: 11/17
  6616 | D:7      | Found a staircase to the Ecumenical Temple.
  6632 | D:7      | Identified a +1 cloak (You found it on level 7 of the
                  | Dungeon)
  6658 | Temple   | Entered the Ecumenical Temple
  6777 | Temple   | Became a worshipper of Vehumet
  7007 | D:7      | Reached skill level 6 in Fighting
  7263 | D:8      | Got a crystal mace
  7270 | D:8      | Reached skill level 6 in Spellcasting
  7350 | D:8      | Identified a +0 flail
  7350 | D:8      | Identified a +0 robe
  7350 | D:8      | Identified a cursed +2 spear
  7350 | D:8      | Identified a +0 robe
  7350 | D:8      | Identified a +3 dagger
  7350 | D:8      | Identified a +0 robe
  7350 | D:8      | Identified a +0 trident
  7350 | D:8      | Identified a +0 robe
  7366 | D:8      | Reached skill level 7 in Fighting
  7505 | D:8      | Identified 3 scrolls of fog
  7561 | D:8      | Found Usar's Magic Scroll Shop.
  7564 | D:8      | Bought a scroll of teleportation for 36 gold pieces
  7564 | D:8      | Bought a scroll of magic mapping for 42 gold pieces
  7564 | D:8      | Bought a scroll of remove curse for 36 gold pieces
  7662 | D:8      | Identified a +0 leather armour
  7664 | D:8      | Identified a +0 giant club
  7671 | D:8      | Reached skill level 7 in Spellcasting
  7692 | D:8      | Identified a +0 shortbow of freezing
  7739 | D:8      | Identified a +0 club
  7739 | D:8      | Identified a +0 flail
  7740 | D:8      | Identified a +0 mace
  7745 | D:8      | Identified a +0 ring mail
  7762 | D:8      | Identified a +0 ring mail
  7768 | D:8      | Reached * piety under Vehumet
  7768 | D:8      | Offered knowledge of Foxfire by Vehumet.
  7829 | D:8      | Reached skill level 8 in Fighting
  8150 | D:9      | Reached XP level 10. HP: 65/65 MP: 21/21
  8206 | D:9      | Identified a +0 giant spiked club
  8206 | D:9      | Identified a +0 giant spiked club
  8206 | D:9      | Noticed a two-headed ogre
  8417 | D:9      | Identified a +0 short sword
  8441 | D:9      | Identified a +0 short sword
  8441 | D:9      | Identified a +0 robe
  8442 | D:9      | Identified a +0 giant club
  8442 | D:9      | Identified a +0 giant spiked club
  8442 | D:9      | Noticed a two-headed ogre
  8453 | D:9      | Identified a cursed +0 falchion
  8453 | D:9      | Identified a +0 robe
  8454 | D:9      | Identified a +0 long sword
  8454 | D:9      | Identified a +0 robe
  8454 | D:9      | Identified a +0 battleaxe
  8454 | D:9      | Identified a +0 robe
  8638 | D:9      | Killed a two-headed ogre
  8638 | D:9      | Reached skill level 9 in Fighting
  8638 | D:9      | Reached skill level 8 in Spellcasting
  8743 | D:9      | Identified a +1 vampiric dagger
  8743 | D:9      | Identified a +0 ring mail
  8905 | D:9      | Identified a +0 great mace
  8905 | D:9      | Identified a +0 giant spiked club
  8905 | D:9      | Noticed a two-headed ogre
  8912 | D:9      | Killed a two-headed ogre
  9040 | D:9      | Found a staircase to the Orcish Mines.
  9040 | D:9      | Identified a +0 battleaxe
  9040 | D:9      | Identified a +0 chain mail
  9040 | D:9      | Identified a +0 giant club
  9040 | D:9      | Identified a +0 whip
  9040 | D:9      | Identified a +0 club
  9040 | D:9      | Identified a +0 hand axe
  9040 | D:9      | Identified a +0 spear
  9040 | D:9      | Identified a +0 short sword
  9040 | D:9      | Identified a +0 scimitar
  9040 | D:9      | Identified a +0 plate armour
  9040 | D:9      | Identified a +0 giant club
  9040 | D:9      | Identified a +2 spear of freezing
  9040 | D:9      | Identified a +0 scale mail
  9040 | D:9      | Identified a +0 trident
  9040 | D:9      | Identified a +0 chain mail
  9040 | D:9      | Identified a +0 giant spiked club
  9042 | D:9      | Identified a +0 long sword
  9042 | D:9      | Identified a +0 chain mail
  9043 | D:9      | Identified a +0 giant spiked club
  9044 | D:9      | Reached skill level 10 in Fighting
  9044 | D:9      | Identified a +3 whip of freezing
  9044 | D:9      | Identified a +0 giant spiked club
  9045 | D:9      | Reached skill level 9 in Spellcasting
  9045 | D:9      | Identified a +0 giant spiked club
  9181 | D:8      | Killed a two-headed ogre
  9300 | D:9      | Offered knowledge of Searing Ray by Vehumet.
  9547 | D:9      | Reached ** piety under Vehumet
  9547 | D:9      | Identified a +0 troll leather armour
  9547 | D:9      | Reached XP level 11. HP: 73/73 MP: 6/24
  9690 | D:10     | Entered Level 10 of the Dungeon
  9690 | D:10     | Identified a cursed -3 dagger
  9690 | D:10     | Identified a +0 robe
  9690 | D:10     | Identified a +0 dagger
  9690 | D:10     | Identified a +0 falchion
  9758 | D:10     | Identified a +0 giant club
  9762 | D:10     | Reached skill level 11 in Fighting
  9799 | D:10     | Identified a +0 scimitar of flaming
  9799 | D:10     | Identified a +0 robe
  9799 | D:10     | Noticed Erica
  9811 | D:10     | Killed Erica
  9879 | D:10     | Identified a +0 war axe
  9879 | D:10     | Identified a +0 plate armour
  9879 | D:10     | Identified a +0 trident
  9879 | D:10     | Identified a +0 club
  9888 | D:10     | Reached skill level 10 in Spellcasting
  9969 | D:10     | Identified a +0 club
  9969 | D:10     | Identified a +0 chain mail
  9970 | D:10     | Identified a +0 scimitar
  9970 | D:10     | Identified a +0 plate armour
  9972 | D:10     | Identified a +2 whip of electrocution
  9972 | D:10     | Identified a +0 leather armour
 10076 | D:10     | Identified a +0 dagger
 10076 | D:10     | Identified a +0 robe
 10077 | D:10     | Identified a +0 flail
 10077 | D:10     | Identified a +0 ring mail
 10077 | D:10     | Identified a +3 dagger
 10077 | D:10     | Identified a +0 robe
 10077 | D:10     | Identified a +0 dagger
 10135 | D:10     | Identified a +0 shortbow
 10277 | D:10     | Identified a cursed +0 giant club
 10404 | D:10     | Identified a +2 dagger of venom
 10404 | D:10     | Identified a +0 robe
 10404 | D:10     | Noticed Nergalle
 10411 | D:10     | Identified a +0 glaive
 10411 | D:10     | Identified a cursed +0 chain mail
 10411 | D:10     | Identified a +1 battleaxe
 10411 | D:10     | Identified a +0 plate armour
 10411 | D:10     | Noticed a spectral orc warlord
 10411 | D:10     | Identified a +0 flail
 10423 | D:10     | Identified a +0 long sword
 10423 | D:10     | Identified a +0 plate armour
 10423 | D:10     | Identified a +0 scimitar
 10423 | D:10     | Identified a +0 chain mail
 10423 | D:10     | Identified a +0 glaive
 10423 | D:10     | Identified a +0 chain mail
 10426 | D:10     | Killed Nergalle
 10619 | D:10     | Identified a +0 robe
 10632 | D:10     | Identified 4 potions of flight
 10851 | D:11     | Identified a +0 whip
 10851 | D:11     | Identified a +0 dagger
 10851 | D:11     | Identified a +0 robe
 10851 | D:11     | Identified a +0 club
 10851 | D:11     | Identified a +0 leather armour
 10851 | D:11     | Identified a +0 chain mail
 10851 | D:11     | Identified a +0 dagger
 10851 | D:11     | Identified a +0 robe
 10857 | D:10     | Reached skill level 2 in Dodging
 10949 | D:11     | Identified a +0 dagger
 10949 | D:11     | Identified a +0 chain mail
 10949 | D:11     | Identified a +0 mace
 10949 | D:11     | Identified a +0 ring mail
 10971 | D:11     | Offered knowledge of Ignite Poison by Vehumet.
 11171 | D:11     | Noticed a five-headed hydra
 11185 | D:11     | Reached *** piety under Vehumet
 11297 | D:11     | Killed a five-headed hydra
 11297 | D:11     | Reached skill level 12 in Fighting
 11297 | D:11     | Reached skill level 3 in Dodging
 11315 | D:11     | Reached skill level 9 in Earth Magic
 11374 | D:11     | Identified a +0 dagger
 11374 | D:11     | Identified a +0 robe
 11381 | D:11     | Noticed a manticore
 11395 | D:11     | Killed a manticore
 11548 | D:11     | Identified a +0 whip
 11548 | D:11     | Identified a +0 spear
 11549 | D:11     | Identified a +0 spear
 11549 | D:11     | Identified a +0 ring mail
 11549 | D:11     | Identified a +0 buckler
 11551 | D:11     | Identified a +0 spear
 11625 | D:11     | Noticed a six-headed hydra
 11627 | D:11     | Killed a six-headed hydra
 11627 | D:11     | Reached XP level 12. HP: 81/81 MP: 15/26
 11653 | D:11     | Identified a +0 flail
 11653 | D:11     | Identified a +0 plate armour
 11764 | D:11     | Identified a +0 dagger of venom
 11764 | D:11     | Identified a +0 robe
 11846 | D:11     | Identified a potion of lignification
 11847 | D:11     | Identified 2 potions of stabbing
 11848 | D:11     | Identified 2 potions of mutation
 11849 | D:11     | Identified a potion of brilliance
 11850 | D:11     | Identified a potion of ambrosia
 11866 | D:11     | Identified a +0 flail
 11873 | D:11     | Noticed a death yak
 11874 | D:11     | Offered knowledge of Mephitic Cloud by Vehumet.
 11875 | D:11     | Noticed a death yak
 11894 | D:11     | Killed a death yak
 11898 | D:11     | Killed a death yak
 11898 | D:11     | Reached skill level 4 in Dodging
 12042 | D:11     | Identified a +0 quarterstaff of freezing
 12042 | D:11     | Identified a +1 robe of cold resistance
 12042 | D:11     | Noticed Fannar
 12066 | D:11     | Identified a +0 short sword
 12071 | D:11     | Killed Fannar
 12071 | D:11     | Reached skill level 11 in Spellcasting
 12206 | D:11     | Found a staircase to the Lair.
 12213 | D:11     | Noticed a death yak
 12226 | D:11     | Killed a death yak
 12226 | D:11     | Reached skill level 10 in Earth Magic
 12287 | D:11     | Noticed a death yak
 12287 | D:11     | Noticed a death yak
 12512 | D:11     | Noticed a death yak
 12522 | D:11     | Killed a death yak
 12524 | D:11     | Killed a death yak
 12524 | D:11     | Reached skill level 5 in Dodging
 12687 | D:11     | Killed a death yak
 12687 | D:11     | Reached skill level 13 in Fighting
 12842 | Lair:1   | Entered Level 1 of the Lair of Beasts
 12843 | Lair:1   | Identified an amulet of harm (You found it on level 11 of
                  | the Dungeon)
 12844 | Lair:1   | Identified 2 scrolls of immolation
 12845 | Lair:1   | Identified a scroll of enchant weapon
 12849 | Lair:1   | Identified a scroll of noise
 12850 | Lair:1   | Identified a scroll of blinking
 12851 | Lair:1   | Identified a scroll of amnesia
 12852 | Lair:1   | Identified a scroll of acquirement
 12852 | Lair:1   | Identified the +0 pair of gloves of Okawaru's Scorn {rN+
                  | Int+3 Slay-2} (You acquired it on level 1 of the Lair of
                  | Beasts)
 12852 | Lair:1   | Identified the amulet "Kaixonk" {Spirit rF+ MR- Dex+8 SInv}
                  | (You acquired it on level 1 of the Lair of Beasts)
 12904 | Lair:1   | Reached **** piety under Vehumet
 12912 | Lair:1   | Offered knowledge of Bolt of Magma by Vehumet.
 13246 | Lair:1   | Identified a +1 hat
 13246 | Lair:1   | Noticed Gastronok
 13331 | Lair:1   | Reached XP level 13. HP: 84/88 MP: 9/28
 13591 | Lair:1   | Reached skill level 6 in Dodging
 13736 | Lair:1   | Identified a +0 morningstar
 13736 | Lair:1   | Identified a +0 chain mail
 13736 | Lair:1   | Identified a +2 buckler
 13736 | Lair:1   | Identified an uncursed ring of flight
 13752 | Lair:1   | Reached skill level 1 in Polearms
 14309 | Lair:2   | Reached skill level 2 in Polearms
 14315 | Lair:2   | Found a dark tunnel.
 14326 | Volcano  | Entered a volcano
 14333 | Volcano  | Identified a +1 mace of flaming
 14333 | Volcano  | Identified a +1 robe of fire resistance
 14336 | Volcano  | Reached skill level 12 in Spellcasting
 14342 | Volcano  | Identified a +0 mace of flaming
 14342 | Volcano  | Identified a +0 robe of fire resistance
 14423 | Volcano  | Identified a +1 mace of flaming
 14423 | Volcano  | Identified a +1 robe of fire resistance
 14469 | Volcano  | Identified a +2 mace of flaming
 14469 | Volcano  | Identified a +0 robe of fire resistance
 14469 | Volcano  | Identified a +2 mace of flaming
 14469 | Volcano  | Identified a +1 robe of fire resistance
 14588 | Volcano  | Identified a +0 mace of flaming
 14598 | Volcano  | Reached skill level 3 in Polearms
 14702 | Volcano  | Identified a +2 hat of magic resistance (You found it in a
                  | volcano)
 14793 | Lair:2   | Identified a potion of invisibility
 14985 | Lair:2   | Reached skill level 14 in Fighting
 15013 | Lair:2   | Learned a level 5 spell: Bolt of Magma
 15060 | Lair:2   | Identified a scroll of silence
 15215 | Lair:2   | Reached skill level 7 in Dodging
 15258 | Lair:2   | Reached ***** piety under Vehumet
 15689 | Lair:2   | Offered knowledge of Hailstorm by Vehumet.
 15790 | Lair:2   | Found a staircase to the Swamp.
 15850 | Lair:2   | Reached skill level 1 in Armour
 16353 | Lair:3   | Reached skill level 1 in Fire Magic
 16617 | Lair:3   | Found a hole to the Spider Nest.
 16945 | Lair:3   | Identified 2 scrolls of torment
 16976 | Lair:3   | Identified a +1 cloak (You found it on level 3 of the Lair
                  | of Beasts)
 17299 | Lair:3   | Identified a +5 eveningstar
 17299 | Lair:3   | Identified a +0 chain mail
 17299 | Lair:3   | Noticed Urug
 17318 | Lair:3   | Killed Urug
 17318 | Lair:3   | Reached skill level 2 in Armour
 17614 | Lair:4   | Reached skill level 2 in Fire Magic
 17730 | Lair:4   | Gained mutation: Your large and strong wings let you fly
                  | indefinitely. [Gargoyle growth]
 17730 | Lair:4   | Reached XP level 14. HP: 96/96 MP: 26/30
 18360 | Lair:4   | Identified a potion of haste
 18361 | Lair:4   | Identified a scroll of vulnerability
 18515 | Lair:4   | Reached skill level 3 in Armour
 19093 | Lair:5   | Reached skill level 3 in Fire Magic
 19344 | Lair:5   | Reached skill level 4 in Armour
 19347 | Lair:5   | Reached skill level 11 in Earth Magic
 20622 | Lair:6   | Entered Level 6 of the Lair of Beasts
 20683 | Lair:6   | Reached skill level 8 in Dodging
 21247 | Lair:6   | Reached skill level 5 in Armour
 21471 | Lair:6   | Reached skill level 13 in Spellcasting
 21870 | Lair:6   | Identified the +7 mace "Jimed" {drain, +Blink rF- Str+4
                  | Dex+2} (You found it on level 8 of the Dungeon)
 21896 | Lair:6   | Identified a ring of see invisible (You found it on level 6
                  | of the Lair of Beasts)
 21898 | Lair:6   | Identified a ring of poison resistance (You found it on
                  | level 6 of the Lair of Beasts)
 22067 | Lair:6   | Found a staircase to the Slime Pits.
 22071 | Lair:6   | Reached skill level 15 in Fighting
 22829 | Lair:6   | Noticed a dire elephant
 22882 | Lair:6   | Reached skill level 6 in Armour
 22915 | Lair:6   | Killed a dire elephant
 22915 | Lair:6   | Reached XP level 15. HP: 53/103 MP: 6/32
 23105 | Lair:6   | Reached skill level 12 in Earth Magic
 23155 | Lair:6   | Identified a +0 dagger
 23155 | Lair:6   | Identified a +0 robe
 23183 | Lair:6   | Found a burning altar of Makhleb.
 23184 | Lair:6   | Identified a +2 trident of venom
 23193 | Lair:6   | Offered knowledge of Iskenderun's Battlesphere by Vehumet.
 23336 | Lair:6   | Found a gateway to Hell.
 23357 | Lair:6   | Identified a +2 ring mail of cold resistance (You found it
                  | on level 6 of the Lair of Beasts)
 23691 | D:12     | Found a shimmering blue altar of Sif Muna.
 23694 | D:12     | Identified a +0 shortbow
 23923 | D:12     | Identified a +0 troll leather armour
 23934 | D:12     | Identified a +0 giant club
 23934 | D:12     | Identified a +0 giant club
 24055 | D:12     | Identified a scarf of resistance (You found it on level 12
                  | of the Dungeon)
 24194 | D:12     | Got a bronze leather armour
 24195 | D:12     | Identified the +4 leather armour of the Doldrums {Dex+10
                  | Stlth-} (You found it on level 12 of the Dungeon)
 24216 | D:12     | Identified +0 fire dragon scales (You found it in a
                  | volcano)
 24420 | D:12     | Identified a +0 mace
 24475 | D:12     | Identified a +1 dagger of protection
 24475 | D:12     | Identified a +0 robe
 24481 | D:12     | Identified a +0 mace
 24481 | D:12     | Identified a +0 leather armour
 24481 | D:12     | Identified a +1 dagger of speed
 24481 | D:12     | Identified a +0 robe
 24482 | D:12     | Identified a +0 club
 24482 | D:12     | Identified a +0 hand axe
 24657 | D:13     | Identified a scroll of summoning
 24659 | D:13     | Identified a +0 flail
 24839 | D:13     | Identified a +0 shortbow
 24946 | D:13     | Found a runed translucent door.
 24947 | D:13     | Noticed an iron dragon
 24947 | D:13     | Identified a +1 great sword of flaming
 24947 | D:13     | Noticed a fire giant
 24984 | D:13     | Identified a +0 battleaxe
 24984 | D:13     | Identified a +0 plate armour
 24987 | D:13     | Identified a +0 great mace
 24987 | D:13     | Identified a +0 chain mail
 24988 | D:13     | Identified a +0 broad axe
 24988 | D:13     | Identified a +0 chain mail
 24988 | D:13     | Identified a +0 kite shield
 24988 | D:13     | Identified a +0 battleaxe
 24988 | D:13     | Identified a +0 plate armour (You took it off an orc
                  | warrior on level 13 of the Dungeon)
 24988 | D:13     | Identified a +0 giant club
 24988 | D:13     | Identified a +0 giant spiked club
 24989 | D:13     | Identified a +0 shortbow
 24990 | D:13     | Identified a +0 shortbow
 24992 | D:13     | Identified a +2 short sword of venom (You took it off a
                  | centaur on level 13 of the Dungeon)
 24997 | D:13     | Reached skill level 16 in Fighting
 24997 | D:13     | Reached skill level 14 in Spellcasting
 24997 | D:13     | Identified a +0 shortbow
 24997 | D:13     | Identified a +0 robe (You took it off a centaur on level 13
                  | of the Dungeon)
 24999 | D:13     | Identified a +0 shortbow
 25000 | D:13     | Identified a +0 shortbow
 25002 | D:13     | Identified a +0 shortbow
 25009 | D:13     | Identified a +0 hand axe
 25100 | D:13     | Found a gate to the Vaults.
 25133 | D:13     | Identified a +0 dire flail
 25398 | D:13     | Got a faintly glowing iron ring
 25399 | D:13     | Identified the ring of the Clam {EV+5 Int+2} (You found it
                  | on level 13 of the Dungeon)
 25827 | D:14     | Identified a +0 longbow
 25836 | D:14     | Reached ****** piety under Vehumet
 26130 | D:14     | Offered knowledge of Lightning Bolt by Vehumet.
 26186 | D:14     | Identified a +0 troll leather armour
 26293 | D:14     | Found Ydip Typ's Armour Shop.
 26301 | D:14     | Bought a +1 pair of boots of running for 438 gold pieces
 26452 | D:10     | Identified a +0 pair of gloves (You found it on level 10 of
                  | the Dungeon)
 26618 | D:14     | Identified a +0 scimitar of flaming
 26799 | D:14     | Found a shadowy altar of Dithmenos.
 26959 | D:14     | Identified a +0 shortbow
 27057 | D:15     | Entered Level 15 of the Dungeon
 27057 | D:15     | Identified a +0 shortbow
 27057 | D:15     | Identified a +0 shortbow
 27057 | D:15     | Identified a +0 shortbow
 27057 | D:15     | Identified a +0 shortbow
 27133 | D:15     | Identified a +0 spear
 27133 | D:15     | Identified a +0 robe
 27149 | D:15     | Identified a +0 giant spiked club
 27149 | D:15     | Identified a +0 giant spiked club
 27153 | D:15     | Identified a +0 shortbow
 27333 | D:15     | Identified a +0 broad axe
 27333 | D:15     | Identified a +0 leather armour
 27333 | D:15     | Identified a +0 kite shield
 27333 | D:15     | Identified a +0 shortbow
 27349 | D:14     | Identified a +3 chain mail (You found it on level 1 of the
                  | Lair of Beasts)
 27400 | D:15     | Identified a +0 dagger
 27525 | D:15     | Reached XP level 16. HP: 112/112 MP: 25/34
 27779 | D:15     | Found a staircase to the Depths.
 27792 | D:15     | Identified a +0 shortbow
 28111 | D:15     | Reached skill level 17 in Fighting
 28277 | D:15     | Identified a +0 shortbow
 28278 | D:15     | Identified a +0 shortbow
 28278 | D:15     | Identified a +0 shortbow
 28279 | D:15     | Identified a +0 shortbow
 28279 | D:15     | Identified a +0 shortbow
 28279 | D:15     | Identified a +0 shortbow
 28319 | D:15     | Identified a +0 dagger
 28319 | D:15     | Identified a -2 shortbow
 28319 | D:15     | Identified a +0 leather armour
 28338 | D:15     | Learned a level 2 spell: Blink
 28343 | D:15     | Learned a level 4 spell: Passage of Golubria
 28364 | D:15     | Identified a +0 great mace
 28364 | D:15     | Identified a cursed -3 dire flail
 28462 | D:15     | Identified a +0 giant club
 28462 | D:15     | Identified a +0 giant club
 28465 | D:15     | Identified a +0 dagger
 28465 | D:15     | Identified a +0 robe
 28470 | D:15     | Reached skill level 5 in Shields
 28872 | Spider:1 | Entered Level 1 of the Spider Nest
 28893 | Spider:1 | Reached skill level 1 in Translocations
 29253 | Spider:1 | Reached skill level 15 in Spellcasting
 29278 | Spider:1 | Offered knowledge of Iron Shot by Vehumet.
 29377 | Spider:1 | Identified a +0 morningstar of protection
 29377 | Spider:1 | Identified a +0 ring mail
 29377 | Spider:1 | Identified a +0 kite shield
 29377 | Spider:1 | Noticed Asterion
 29391 | Lair:3   | Reached skill level 2 in Translocations
 29648 | Swamp:1  | Entered Level 1 of the Swamp
 29942 | Swamp:1  | Identified a +0 spear
 30323 | Swamp:1  | Identified an amulet of the acrobat (You found it on level
                  | 1 of the Swamp)
 30348 | Swamp:1  | Found a basalt altar of Yredelemnul.
 30356 | Swamp:1  | Reached skill level 4 in Polearms
 30356 | Swamp:1  | Reached skill level 6 in Shields
 30538 | Swamp:1  | Identified a +0 spear
 30547 | Swamp:1  | Reached skill level 3 in Translocations
 30664 | Swamp:1  | Identified a cursed -2 spear
 30832 | Swamp:1  | Identified a +0 quarterstaff
 30832 | Swamp:1  | Identified a +0 robe
 32107 | Swamp:2  | Reached skill level 7 in Shields
 32107 | Swamp:2  | Reached skill level 4 in Translocations
 32217 | Swamp:2  | Noticed Aizul
 32217 | Swamp:2  | Noticed a thorn hunter
 32245 | Swamp:2  | Killed Aizul
 32246 | Swamp:2  | Killed a thorn hunter
 32535 | Swamp:2  | Identified a +0 kite shield (You found it on level 2 of the
                  | Swamp)
 32790 | Swamp:2  | Identified a +2 demon trident of electrocution
 32790 | Swamp:2  | Identified a +0 plate armour
 32790 | Swamp:2  | Identified a +0 tower shield
 32790 | Swamp:2  | Noticed Louise
 33080 | Swamp:2  | Learned a level 6 spell: Iron Shot
 33651 | Swamp:2  | Killed Louise
 33899 | Swamp:3  | Offered knowledge of Starburst by Vehumet.
 33941 | Swamp:3  | Reached skill level 8 in Shields
 34047 | Swamp:3  | Identified a +0 spear
 34153 | Swamp:3  | Noticed a thorn hunter
 34190 | Swamp:3  | Reached XP level 17. HP: 114/117 MP: 12/36
 34339 | Swamp:3  | Reached skill level 5 in Conjurations
 34467 | Swamp:3  | Identified a +0 kite shield (You found it on level 3 of the
                  | Swamp)
 34586 | Swamp:3  | Identified +0 swamp dragon scales
 34814 | Swamp:3  | Reached skill level 9 in Shields
 34989 | Swamp:3  | Identified +0 swamp dragon scales
 35077 | Swamp:3  | Identified a +1 antimagic spear
 35691 | Swamp:3  | Reached skill level 6 in Conjurations
 35869 | Swamp:4  | Entered Level 4 of the Swamp
 35932 | Swamp:4  | Identified a +0 spear
 35936 | Swamp:4  | Identified a +0 spear
 35936 | Swamp:4  | Identified a +0 spear
 35936 | Swamp:4  | Identified a +0 buckler
 36430 | Swamp:4  | Identified a +2 quarterstaff of distortion
 36430 | Swamp:4  | Noticed Bai Suzhen
 36453 | Swamp:4  | Killed Bai Suzhen
 36453 | Swamp:4  | Reached skill level 10 in Shields
 36588 | Swamp:4  | Reached skill level 13 in Earth Magic
 36742 | Swamp:4  | Identified a +0 quarterstaff
 36742 | Swamp:4  | Identified a +0 robe
 36855 | Swamp:4  | Identified a +0 quarterstaff
 36855 | Swamp:4  | Identified a +0 robe
 36946 | Swamp:4  | Offered knowledge of Ozocubu's Refrigeration by Vehumet.
 37529 | Swamp:4  | Identified +0 swamp dragon scales
 37529 | Swamp:4  | Reached skill level 7 in Conjurations
 37642 | Swamp:4  | Reached skill level 16 in Spellcasting
 38123 | Swamp:4  | Got a decaying rune of Zot
 38222 | Swamp:4  | Reached skill level 11 in Shields
 38294 | Swamp:4  | Found a runed translucent gate.
 38294 | Swamp:4  | Found a runed translucent gate.
 38294 | Swamp:4  | Found a runed translucent gate.
 38298 | Swamp:4  | Noticed RedPan's ghost (adept DrIE)
 38623 | Swamp:4  | HP: 18/117 [RedPan's ghost/Lee's Rapid Deconstruction (46)]
 38871 | Swamp:4  | Got a crude diamond amulet
 38872 | Swamp:4  | Identified the amulet "Enustrisk" {rF+ rN+ Regen+} (You
                  | found it on level 4 of the Swamp)
 38880 | Swamp:4  | Identified a scroll of brand weapon
 38885 | Swamp:4  | Identified the ring of Serendipity {rF- MP+9 Str+3} (You
                  | acquired it on level 4 of the Swamp)
 38885 | Swamp:4  | Identified the +3 kite shield "Uluc" {+Inv Dex+5} (You
                  | acquired it on level 4 of the Swamp)
 39069 | Spider:1 | Identified a +0 vampiric demon whip
 39081 | Lair:3   | Killed Asterion
 39555 | Spider:1 | Reached XP level 18. HP: 123/123 MP: 18/38
 40735 | Spider:2 | Noticed an entropy weaver
 40743 | Spider:1 | Killed an entropy weaver
 41141 | Spider:2 | Reached skill level 5 in Translocations
 41482 | Spider:2 | Reached skill level 8 in Conjurations
 41565 | Spider:2 | Reached skill level 12 in Shields
 42020 | Spider:2 | Offered knowledge of Ignition by Vehumet.
 43014 | Spider:3 | Reached skill level 14 in Earth Magic
 43129 | Spider:3 | Identified a +0 dagger
 43129 | Spider:3 | Identified a +0 robe
 43476 | Spider:3 | Got a crude spear
 43477 | Spider:3 | Identified the +9 spear of the Middle {flame, rElec rN+++
                  | Int-5 Dex+3} (You found it on level 3 of the Spider Nest)
 43897 | Spider:3 | Identified a +1 demon blade of electrocution
 43897 | Spider:3 | Identified a +2 robe of positive energy
 43897 | Spider:3 | Noticed Mara
 44369 | Spider:3 | Killed Mara
 44369 | Spider:3 | Reached skill level 13 in Shields
 44369 | Spider:3 | Reached skill level 9 in Conjurations
 44463 | Spider:4 | Entered Level 4 of the Spider Nest
 44613 | Spider:4 | Noticed an entropy weaver
 44616 | Spider:4 | Killed an entropy weaver
 44694 | Spider:4 | Noticed an entropy weaver
 44697 | Spider:4 | Killed an entropy weaver
 45415 | Spider:4 | Noticed an entropy weaver
 45470 | Spider:3 | Killed an entropy weaver
 45878 | Spider:4 | Identified a ring of attention (You found it on level 4 of
                  | the Spider Nest)
 46057 | Spider:4 | Reached XP level 19. HP: 128/128 MP: 12/39
 46227 | Spider:4 | Offered knowledge of Lehudib's Crystal Spear by Vehumet.
 46227 | Spider:4 | Offered knowledge of Fire Storm by Vehumet.
 46227 | Spider:4 | Offered knowledge of Shatter by Vehumet.
 46529 | Spider:4 | Reached skill level 14 in Shields
 47158 | Spider:4 | Reached skill level 10 in Conjurations
 48109 | Spider:4 | Got a gossamer rune of Zot
 48549 | Orc:1    | Entered Level 1 of the Orcish Mines
 48549 | Orc:1    | Identified a cursed -1 dagger
 48549 | Orc:1    | Identified a +2 robe of fire resistance
 48576 | Orc:1    | Identified a +0 dagger
 48576 | Orc:1    | Identified a +0 robe
 48585 | Orc:1    | Identified a +0 great mace
 48585 | Orc:1    | Identified a +0 plate armour
 48589 | Orc:1    | Identified a +0 short sword
 48589 | Orc:1    | Identified a +0 scale mail
 48589 | Orc:1    | Identified a +0 dagger of venom
 48589 | Orc:1    | Identified a +0 robe
 48592 | Orc:1    | Identified a +0 dagger
 48592 | Orc:1    | Identified a +0 robe
 48602 | Orc:1    | Identified a cursed -1 hand axe
 48602 | Orc:1    | Identified a +0 chain mail
 48603 | Orc:1    | Identified a +0 club
 48604 | Orc:1    | Identified a +0 falchion of holy wrath
 48605 | Orc:1    | Identified a +0 mace
 48904 | Orc:1    | Identified a cursed -3 dire flail
 48904 | Orc:1    | Identified a +0 chain mail
 48907 | Orc:1    | Identified a +2 whip of draining
 48907 | Orc:1    | Identified a +0 leather armour
 48910 | Orc:1    | Found a roughly hewn altar of Beogh.
 48920 | Orc:1    | Identified a +0 hand axe
 48920 | Orc:1    | Identified a +0 leather armour
 48930 | Orc:1    | Identified a +0 dagger
 48930 | Orc:1    | Identified a +0 robe
 48930 | Orc:1    | Identified a +0 scimitar
 48930 | Orc:1    | Identified a +0 chain mail
 48935 | Orc:1    | Identified a +0 flail
 48947 | Orc:1    | Identified a +0 dagger
 48947 | Orc:1    | Identified a +0 robe
 49327 | Orc:2    | Entered Level 2 of the Orcish Mines
 49345 | Orc:2    | Identified a +0 dagger
 49345 | Orc:2    | Identified a +0 robe
 49346 | Orc:2    | Identified a +0 troll leather armour
 49346 | Orc:2    | Identified a +0 dagger
 49346 | Orc:2    | Identified a +0 robe
 49350 | Orc:2    | Identified a +0 hand axe
 49353 | Orc:2    | Identified a +0 short sword
 49353 | Orc:2    | Identified a +0 plate armour
 49355 | Orc:2    | Identified a cursed +0 club
 49355 | Orc:2    | Identified a +0 ring mail
 49355 | Orc:2    | Identified a +0 war axe
 49355 | Orc:2    | Identified a +0 chain mail
 49366 | Orc:2    | Identified a cursed -3 battleaxe
 49366 | Orc:2    | Identified a +0 chain mail
 49368 | Orc:2    | Identified a +2 dire flail of draining
 49368 | Orc:2    | Identified a +3 plate armour of fire resistance
 49368 | Orc:2    | Noticed Saint Roka
 49376 | Orc:2    | Identified a +0 flail
 49376 | Orc:2    | Identified a +3 leather armour of poison resistance
 49376 | Orc:2    | Identified a +0 club
 49376 | Orc:2    | Identified a +0 leather armour
 49376 | Orc:2    | Identified a +0 short sword
 49382 | Orc:2    | Identified a +0 dagger
 49382 | Orc:2    | Identified a +0 robe
 49492 | Orc:2    | Identified a +0 whip
 49497 | Orc:2    | Identified a +2 dagger of venom
 49497 | Orc:2    | Identified a +0 robe
 49499 | Orc:2    | Identified a +0 demon trident of pain
 49500 | Orc:2    | Killed Saint Roka
 49500 | Orc:2    | Reached skill level 15 in Shields
 49500 | Orc:2    | Reached skill level 17 in Spellcasting
 49762 | Orc:2    | Identified a +0 flail
 49762 | Orc:2    | Identified a +0 leather armour
 49762 | Orc:2    | Identified a +1 war axe of flaming
 49762 | Orc:2    | Identified a +0 chain mail
 49762 | Orc:2    | Identified a +0 dagger
 49848 | Orc:2    | Identified a +0 dagger
 49848 | Orc:2    | Identified a +0 whip
 49851 | Orc:2    | Identified a +0 mace
 49853 | Orc:2    | Identified a +0 flail
 49856 | Orc:2    | Identified a +0 war axe
 49858 | Orc:2    | Identified a +0 mace
 49937 | Orc:2    | Identified a +0 dagger
 49937 | Orc:2    | Identified a +0 robe
 49938 | Orc:2    | Identified a +0 dagger
 49938 | Orc:2    | Identified a +0 robe
 49938 | Orc:2    | Identified a +2 dagger of freezing
 49938 | Orc:2    | Identified a +0 robe
 49938 | Orc:2    | Identified a +0 mace
 49938 | Orc:2    | Identified a +0 leather armour
 49939 | Orc:2    | Identified a +0 vorpal war axe
 49939 | Orc:2    | Identified a +0 chain mail
 50015 | Orc:2    | Learned a level 8 spell: Lehudib's Crystal Spear
 50073 | Orc:2    | Identified a +0 giant club
 50077 | Orc:2    | Identified a +4 giant club
 50077 | Orc:2    | Identified a +1 robe
 50077 | Orc:2    | Noticed Erolcha
 50077 | Orc:2    | Identified a +0 dire flail
 50077 | Orc:2    | Identified a +0 plate armour
 50091 | Orc:2    | Identified a +0 short sword
 50092 | Orc:2    | Identified a +0 dagger
 50092 | Orc:2    | Identified a +0 robe
 50096 | Orc:2    | Killed Erolcha
 50236 | Orc:2    | Identified a +2 dagger of venom
 50236 | Orc:2    | Identified a +1 robe of cold resistance
 50258 | Orc:2    | Identified a +0 dagger
 50258 | Orc:2    | Identified a +2 cloak
 50258 | Orc:2    | Noticed Maurice
 50261 | Orc:2    | Killed Maurice
 50390 | Orc:2    | Identified a cursed -3 club
 50427 | Orc:2    | Identified a +0 giant spiked club
 50445 | Orc:2    | Identified a +0 mace
 50445 | Orc:2    | Identified a +0 chain mail
 50455 | Orc:2    | Identified a +0 vorpal war axe
 50457 | Orc:2    | Identified a +0 hand axe
 50457 | Orc:2    | Identified a cursed +0 leather armour
 50462 | Orc:2    | Identified a +0 war axe
 50462 | Orc:2    | Identified a +0 chain mail
 50463 | Orc:2    | Identified a +0 flail
 50463 | Orc:2    | Identified a cursed +0 plate armour
 50468 | Orc:2    | Identified a +0 short sword of draining
 50468 | Orc:2    | Identified a +0 leather armour
 50586 | Orc:2    | Identified a +0 dagger
 50587 | Orc:2    | Identified a +0 dagger
 50587 | Orc:2    | Identified a +0 leather armour
 50589 | Orc:2    | Identified a +0 great mace
 50589 | Orc:2    | Identified a +0 plate armour
 50591 | Orc:2    | Identified a +0 vorpal hand axe
 50591 | Orc:2    | Identified a +0 plate armour
 50591 | Orc:2    | Identified a +1 vorpal trident
 50591 | Orc:2    | Identified a +0 falchion
 50591 | Orc:2    | Identified a +0 chain mail
 50598 | Orc:2    | Identified a +0 glaive
 50598 | Orc:2    | Identified a +0 chain mail
 50599 | Orc:2    | Identified a +0 battleaxe (You took it off an orc warrior
                  | on level 2 of the Orcish Mines)
 50599 | Orc:2    | Identified a +0 chain mail of poison resistance (You took
                  | it off an orc warrior on level 2 of the Orcish Mines)
 50633 | Orc:2    | Identified a +0 whip
 50633 | Orc:2    | Identified a +0 chain mail
 50637 | Orc:2    | Identified a +0 mace
 50637 | Orc:2    | Identified a +0 chain mail
 50640 | Orc:2    | Identified a +0 mace (You took it off an orc priest on
                  | level 2 of the Orcish Mines)
 50651 | Orc:2    | Identified a +0 trident
 50651 | Orc:2    | Identified a +0 ring mail
 50659 | Orc:2    | Identified a +0 flail
 50659 | Orc:2    | Identified a +0 chain mail
 50786 | Orc:2    | Found Ifilil's Magic Scroll Boutique.
 50786 | Orc:2    | Identified a +0 hand axe
 50789 | Orc:2    | Identified a +0 falchion
 50790 | Orc:2    | Found Xozxotir's Food Shop.
 50790 | Orc:2    | Identified a +0 hand axe
 50790 | Orc:2    | Identified a +0 ring mail
 50790 | Orc:2    | Identified a +0 chain mail
 50837 | Orc:2    | Identified a +0 club
 50839 | Orc:2    | Identified a +0 long sword
 50839 | Orc:2    | Identified a cursed +0 chain mail
 50920 | Orc:2    | Identified a cursed -1 short sword
 50920 | Orc:2    | Identified a +1 glaive
 50920 | Orc:2    | Identified a +0 chain mail
 50920 | Orc:2    | Identified a +0 halberd
 50920 | Orc:2    | Identified a +0 chain mail
 50920 | Orc:2    | Identified a +3 dagger
 50920 | Orc:2    | Identified a +2 robe of cold resistance
 50920 | Orc:2    | Identified a +0 dagger
 50922 | Orc:2    | Identified a +0 war axe
 50922 | Orc:2    | Identified a +0 plate armour
 50923 | Orc:2    | Identified a +0 long sword
 50923 | Orc:2    | Identified a +0 chain mail
 50924 | Orc:2    | Identified a +0 trident
 51046 | Orc:2    | Identified a +0 mace
 51046 | Orc:2    | Identified a +0 ring mail
 51046 | Orc:2    | Identified a +0 trident
 51048 | Orc:2    | Identified a +0 long sword
 51048 | Orc:2    | Identified a +0 plate armour
 51051 | Orc:2    | Identified a +0 short sword
 51051 | Orc:2    | Identified a +0 leather armour
 51110 | Orc:2    | Identified a cursed -1 hand axe
 51110 | Orc:2    | Identified a +0 plate armour
 51118 | Orc:2    | Identified a +0 dagger
 51118 | Orc:2    | Identified a +0 robe
 51122 | Orc:2    | Identified a +0 long sword
 51122 | Orc:2    | Identified a +0 plate armour
 51182 | Orc:2    | Identified a +0 war axe
 51182 | Orc:2    | Identified a +0 plate armour
 51183 | Orc:2    | Identified a +0 flail
 51183 | Orc:2    | Identified a +0 chain mail
 51313 | Orc:2    | Identified a +0 long sword
 51313 | Orc:2    | Identified a +0 war axe
 51317 | Orc:2    | Identified a +0 dagger
 51317 | Orc:2    | Identified a +0 robe
 51367 | Orc:2    | Identified a +0 scimitar
 51367 | Orc:2    | Identified a +0 demon blade of pain
 51367 | Orc:2    | Identified a +0 scale mail
 51371 | Orc:2    | Identified a +0 long sword
 51371 | Orc:2    | Identified a +0 scale mail
 51393 | Orc:2    | Identified a +0 dagger
 51393 | Orc:2    | Identified a +0 robe
 51498 | Orc:2    | Identified a +0 halberd
 51498 | Orc:2    | Identified a +0 ring mail
 51506 | Orc:2    | Identified a cursed -2 morningstar
 51506 | Orc:2    | Identified a +0 scale mail
 51507 | Orc:2    | Identified a +0 hand axe
 51507 | Orc:2    | Identified a +0 leather armour
 51606 | Orc:2    | Found Qodoegg's Gadget Shoppe.
 51606 | Orc:2    | Found Epiop's Antique Armour Emporium.
 51607 | Orc:2    | Found a one-way gate leading to the halls of Pandemonium.
 51611 | Orc:2    | Bought a steaming leather armour for 217 gold pieces
 51611 | Orc:2    | Identified the cursed +0 leather armour of the Great Game
                  | {rC+ Int+4 Slay-3} (You bought it in a shop on level 2 of
                  | the Orcish Mines)
 51657 | Orc:2    | Found a staircase to the Elven Halls.
 51664 | Orc:2    | Found Xuekim's Distillery.
 51682 | Orc:2    | Bought a potion of heal wounds for 50 gold pieces
 51682 | Orc:2    | Bought a potion of magic for 80 gold pieces
 51705 | Orc:2    | Identified a +0 giant spiked club
 51950 | Orc:2    | Bought a scroll of blinking for 112 gold pieces
 52159 | D:4      | Bought -3 pearl dragon scales for 1020 gold pieces
 52435 | Vaults:1 | Entered Level 1 of the Vaults
 52686 | Vaults:1 | Identified a cursed +0 flail
 52686 | Vaults:1 | Identified a +0 ring mail
 52743 | Vaults:1 | Identified a +0 great mace
 52743 | Vaults:1 | Identified a +0 scale mail
 52784 | Vaults:1 | Identified a +0 flail
 52784 | Vaults:1 | Identified a +0 leather armour
 52789 | Vaults:1 | Identified a +0 giant spiked club
 52791 | Vaults:1 | Identified a +0 giant club
 52791 | Vaults:1 | Identified a +0 giant club
 52791 | Vaults:1 | Identified a +0 giant club
 52792 | Vaults:1 | Identified a +0 robe
 52792 | Vaults:1 | Identified a +0 giant spiked club
 52792 | Vaults:1 | Identified a +0 giant club
 52793 | Vaults:1 | Identified a +0 giant club
 52794 | Vaults:1 | Identified a +0 giant club
 52796 | Vaults:1 | Identified a +0 shortbow
 52810 | Vaults:1 | Identified a +0 short sword
 52810 | Vaults:1 | Identified a +1 vorpal shortbow
 52810 | Vaults:1 | Identified a +0 leather armour
 52810 | Vaults:1 | Identified a +0 long sword
 52810 | Vaults:1 | Identified a +0 shortbow
 52950 | Vaults:1 | Identified a +0 short sword
 52950 | Vaults:1 | Identified a +0 shortbow
 52950 | Vaults:1 | Identified a +0 leather armour
 52956 | Vaults:1 | Identified a +0 dagger
 52963 | Vaults:1 | Identified a +0 rapier
 52963 | Vaults:1 | Identified a +0 scale mail
 53064 | Vaults:1 | Identified a +0 great mace
 53064 | Vaults:1 | Identified a +0 scale mail
 53138 | Vaults:1 | Found Xuoffa's General Store.
 53147 | Vaults:1 | Bought a scroll of blinking for 82 gold pieces
 53147 | Vaults:1 | Bought a potion of curing for 33 gold pieces
 53148 | Vaults:1 | Identified a +0 giant club
 53148 | Vaults:1 | Identified a +0 giant club
 53149 | Vaults:1 | Identified a +0 whip
 53149 | Vaults:1 | Identified a +1 robe of positive energy
 53149 | Vaults:1 | Identified a +0 giant club
 53149 | Vaults:1 | Identified a +0 giant spiked club
 53149 | Vaults:1 | Identified a +0 giant spiked club
 53149 | Vaults:1 | Identified a +0 giant club
 53150 | Vaults:1 | Identified a +0 falchion
 53150 | Vaults:1 | Identified a +0 ring mail
 53150 | Vaults:1 | Identified a +0 giant club
 53150 | Vaults:1 | Identified a +0 giant spiked club
 53158 | Vaults:1 | Identified a +1 vorpal glaive
 53158 | Vaults:1 | Identified a +0 chain mail
 53197 | Vaults:1 | Identified a +0 long sword
 53197 | Vaults:1 | Identified a +0 chain mail
 53375 | Vaults:1 | Identified a cursed -3 giant club
 53375 | Vaults:1 | Identified a +0 giant club
 53376 | Vaults:1 | Identified a +0 spear
 53376 | Vaults:1 | Identified a +0 robe
 53377 | Vaults:1 | Identified a +0 giant club
 53377 | Vaults:1 | Identified a +0 giant spiked club
 53378 | Vaults:1 | Identified a +0 giant club
 53378 | Vaults:1 | Identified a +0 giant club
 53386 | Vaults:1 | Identified a +0 dire flail
 53386 | Vaults:1 | Identified a +0 giant club
 53440 | Vaults:1 | Reached skill level 7 in Armour
 53553 | Vaults:1 | Identified a +0 giant club
 53581 | Vaults:1 | Found Berudorph's Antique Weapon Boutique.
 53602 | Vaults:1 | Reached skill level 11 in Conjurations
 53606 | Vaults:1 | Reached XP level 20. HP: 134/134 MP: 11/41
 53671 | Vaults:1 | Identified a +0 long sword
 53671 | Vaults:1 | Identified a +0 scale mail
 53707 | Vaults:1 | Identified a +0 longbow
 53725 | Vaults:1 | Identified a cursed -3 great mace
 53725 | Vaults:1 | Identified a +0 ring mail
 53919 | Vaults:1 | Identified a +0 club
 53919 | Vaults:1 | Identified a +0 mace
 53919 | Vaults:1 | Identified a +0 scale mail
 53923 | Vaults:1 | Identified a +1 great sword
 53923 | Vaults:1 | Identified a +0 chain mail
 53924 | Vaults:1 | Identified a +0 war axe
 53924 | Vaults:1 | Identified a +0 ring mail
 53925 | Vaults:1 | Identified a +0 mace
 53925 | Vaults:1 | Identified a +0 chain mail
 53925 | Vaults:1 | Identified a +1 falchion of protection
 53925 | Vaults:1 | Identified a +0 leather armour
 53948 | Vaults:1 | Identified a +2 dagger of electrocution
 53948 | Vaults:1 | Identified a +0 robe
 53957 | Vaults:1 | Identified a +2 battleaxe of freezing
 53957 | Vaults:1 | Identified a +0 plate armour
 53971 | Vaults:1 | Identified a +0 arbalest
 54084 | Vaults:1 | Identified a +0 arbalest
 54087 | Vaults:1 | Identified a +0 arbalest
 54314 | Vaults:1 | Found Ferylav's Assorted Antiques.
 54320 | Vaults:1 | Found Ozuabrul's Book Emporium.
 54322 | Vaults:1 | Bought a scroll of enchant weapon for 262 gold pieces
 54339 | Vaults:1 | Found Nykkur's Distillery.
 54350 | Vaults:1 | Learned a level 9 spell: Shatter
 54357 | Vaults:1 | Bought a potion of haste for 180 gold pieces
 54357 | Vaults:1 | Bought a potion of resistance for 180 gold pieces
 54357 | Vaults:1 | Bought a potion of haste for 180 gold pieces
 55118 | Vaults:2 | Identified +0 fire dragon scales
 55172 | Vaults:2 | Identified +0 ice dragon scales
 55172 | Vaults:2 | Reached skill level 15 in Earth Magic
 55327 | Vaults:2 | Identified a ring of magical power (You found it on level 2
                  | of the Vaults)
 55388 | Vaults:2 | Identified a +0 arbalest
 55474 | Vaults:2 | Identified a cursed +0 giant club
 55474 | Vaults:2 | Identified a +0 giant spiked club
 55475 | Vaults:2 | Identified a +0 spear
 55475 | Vaults:2 | Identified a +0 robe
 55475 | Vaults:2 | Identified a +0 giant club
 55475 | Vaults:2 | Identified a +0 giant club
 55475 | Vaults:2 | Identified a cursed +0 giant club
 55475 | Vaults:2 | Identified a +0 giant club
 55475 | Vaults:2 | Identified a +0 giant club
 55475 | Vaults:2 | Identified a +0 giant club
 55488 | Vaults:2 | Identified a +0 bardiche
 55488 | Vaults:2 | Identified a +0 chain mail
 55489 | Vaults:2 | Identified a +0 giant spiked club
 55490 | Vaults:2 | Identified a +0 giant spiked club
 55490 | Vaults:2 | Identified a cursed +0 giant club
 55510 | Vaults:2 | Identified a +0 morningstar
 55510 | Vaults:2 | Identified a +0 leather armour
 55600 | Vaults:2 | Identified a +2 falchion of freezing
 55600 | Vaults:2 | Identified a +0 ring mail
 55784 | Vaults:2 | Identified a +0 broad axe
 55784 | Vaults:2 | Identified a +0 chain mail
 55797 | Vaults:2 | Identified a +0 arbalest
 55802 | Vaults:2 | Identified a +0 arbalest
 55802 | Vaults:2 | Identified a +3 arbalest
 55804 | Vaults:2 | Identified a +0 arbalest
 55805 | Vaults:2 | Identified a +0 arbalest
 55806 | Vaults:2 | Identified a +0 arbalest
 55807 | Vaults:2 | Identified a cursed -2 great mace
 55807 | Vaults:2 | Identified a +0 ring mail
 55807 | Vaults:2 | Identified a +0 long sword
 55807 | Vaults:2 | Identified a cursed +0 robe
 55872 | Vaults:2 | Reached skill level 8 in Armour
 55880 | Vaults:2 | Identified a +1 dagger of speed
 55880 | Vaults:2 | Identified a +2 robe of positive energy
 55880 | Vaults:2 | Identified a cursed -2 dagger
 55880 | Vaults:2 | Identified a +0 robe
 55881 | Vaults:2 | Identified a +0 scimitar
 55881 | Vaults:2 | Identified a +0 chain mail
 55881 | Vaults:2 | Identified a +7 halberd
 55881 | Vaults:2 | Identified a cursed +0 plate armour
 55882 | Vaults:2 | Identified a +0 dagger
 55882 | Vaults:2 | Identified a cursed +0 robe
 55886 | Vaults:2 | Paralysed by an orc sorcerer for 3 turns
 55888 | Vaults:2 | Identified a +0 war axe
 55888 | Vaults:2 | Identified a +0 plate armour
 55890 | Vaults:2 | Identified a +0 dagger
 55890 | Vaults:2 | Identified a +0 robe
 55890 | Vaults:2 | Identified a +0 hand axe
 55890 | Vaults:2 | Identified a +0 scale mail
 55959 | Vaults:2 | Identified a +0 long sword
 55960 | Vaults:2 | Identified a +0 mace
 55961 | Vaults:2 | Identified a +0 mace
 55961 | Vaults:2 | Identified a +0 long sword
 56228 | Vaults:2 | Identified a +0 flail
 56228 | Vaults:2 | Identified a +0 ring mail
 56408 | Vaults:2 | Identified a +0 arbalest of freezing
 56515 | Vaults:2 | Identified a +0 great mace
 56515 | Vaults:2 | Identified a +0 arbalest
 56654 | Vaults:2 | Identified a +0 quarterstaff
 56654 | Vaults:2 | Identified a +0 robe
 56655 | Vaults:2 | Identified a +0 arbalest
 56655 | Vaults:2 | Identified a +0 arbalest
 56655 | Vaults:2 | Identified a +0 arbalest
 56658 | Vaults:2 | Identified a +0 arbalest
 56874 | Vaults:2 | Identified a +0 dire flail
 56874 | Vaults:2 | Identified a +0 dire flail
 56933 | Vaults:2 | Identified a +2 vorpal mace
 56933 | Vaults:2 | Identified a +0 scale mail
 57043 | Vaults:2 | Noticed an entropy weaver
 57047 | Vaults:2 | Killed an entropy weaver
 57620 | Vaults:2 | Identified a +3 trishula of holy wrath
 57620 | Vaults:2 | Identified a +2 tower shield of reflection
 57620 | Vaults:2 | Noticed Mennas
 57829 | Depths:1 | Entered Level 1 of the Depths
 57856 | Depths:1 | Identified a +1 battleaxe of freezing
 57857 | Depths:1 | Identified a +0 dagger
 57857 | Depths:1 | Identified a +0 robe
 57890 | Depths:1 | Identified a +0 troll leather armour
 58027 | Depths:1 | Reached skill level 16 in Earth Magic
 58134 | Depths:1 | Identified a +0 great sword
 58134 | Depths:1 | Identified a +0 leather armour
 58201 | Depths:1 | Identified +0 ice dragon scales
 58201 | Depths:1 | Identified a +0 shortbow
 58201 | Depths:1 | Identified an uncursed ring of protection from magic
 58360 | Depths:1 | Reached skill level 12 in Conjurations
 58395 | Depths:1 | Identified +0 fire dragon scales
 58680 | Depths:1 | Reached skill level 9 in Armour
 58722 | Depths:1 | Identified a +0 troll leather armour
 59098 | Depths:1 | Identified a +0 arbalest
 59101 | Depths:1 | Identified a +3 demon blade
 59101 | Depths:1 | Identified a +0 chain mail
 59115 | Depths:1 | Identified a +1 great sword of flaming
 59115 | Depths:1 | Identified a +0 plate armour
 59118 | Depths:1 | Noticed a juggernaut
 59134 | Depths:1 | Killed a juggernaut
 59152 | Depths:1 | Identified a +1 demon trident of distortion
 59152 | Depths:1 | Identified a +0 plate armour
 59160 | Depths:1 | Identified a +0 dagger
 59160 | Depths:1 | Identified a +0 robe
 59164 | Depths:1 | Identified a +2 scimitar
 59164 | Depths:1 | Identified a +0 plate armour
 59333 | Depths:1 | Identified a +3 halberd
 59333 | Depths:1 | Identified a +0 plate armour
 59354 | Depths:1 | Identified a +5 demon whip
 59354 | Depths:1 | Identified a +0 plate armour
 59358 | Depths:1 | Identified a +0 great mace of flaming
 59358 | Depths:1 | Identified a +0 plate armour
 59369 | Depths:1 | Reached XP level 21. HP: 139/139 MP: 17/42
 59494 | Depths:1 | Identified a +0 troll leather armour
 59667 | Depths:1 | Identified a +0 rapier
 59667 | Depths:1 | Identified a +0 animal skin
 59731 | Depths:1 | Identified a ring of fire (You found it on level 1 of the
                  | Depths)
 59740 | Depths:1 | Got a dazzling helmet
 59741 | Depths:1 | Identified the +3 helmet "Ydoroat" {rCorr Dex+7} (You found
                  | it on level 1 of the Depths)
 59825 | Depths:2 | Identified a +0 long sword
 59825 | Depths:2 | Identified a +0 robe
 59828 | Depths:2 | Reached skill level 18 in Spellcasting
 59829 | Depths:2 | Identified a +3 dagger of speed
 59829 | Depths:2 | Identified a +0 robe
 59950 | Depths:2 | Identified a +0 arbalest
 60191 | Depths:2 | Identified a +0 arbalest
 60304 | Depths:1 | Reached skill level 17 in Earth Magic
 60407 | Depths:2 | Identified a +0 troll leather armour
 60531 | Depths:1 | Identified a +0 troll leather armour
 60532 | Depths:1 | Identified a +0 troll leather armour
 60537 | Depths:1 | Identified a +0 troll leather armour
 60581 | Depths:2 | Identified a +0 dire flail
 60581 | Depths:2 | Identified a +0 dire flail
 60750 | Depths:2 | Identified a +0 arbalest
 60871 | Depths:2 | Identified a cursed -3 broad axe
 60871 | Depths:2 | Identified a +1 leather armour of fire resistance
 60871 | Depths:2 | Identified a +0 buckler
 60871 | Depths:2 | Identified a +0 battleaxe
 60871 | Depths:2 | Identified a +0 longbow
 60871 | Depths:2 | Identified a +0 leather armour
 61104 | Depths:2 | Identified a +0 battleaxe of freezing
 61135 | Depths:2 | Reached skill level 10 in Armour
 61261 | Depths:2 | Identified a +0 troll leather armour
 61276 | Depths:2 | Identified +0 fire dragon scales
 61295 | Depths:2 | Identified a +0 dagger
 61558 | Depths:2 | Identified a +0 troll leather armour
 62036 | Depths:2 | Found Rifu Kim's Antique Weapon Shop.
 62255 | Depths:2 | Identified a +0 arbalest
 62255 | Depths:2 | Noticed a juggernaut
 62260 | Depths:2 | Killed a juggernaut
 62260 | Depths:2 | Reached skill level 13 in Conjurations
 62260 | Depths:2 | Identified a +0 dire flail
 62260 | Depths:2 | Identified a +0 dire flail
 62443 | Depths:3 | Identified a +4 arbalest
 62445 | Depths:3 | Identified a cursed -2 spear
 62452 | Depths:3 | Identified a +0 robe
 62454 | Depths:3 | Identified a +0 buckler
 62620 | Depths:3 | Identified a +0 arbalest
 62720 | Depths:3 | Identified a +0 arbalest
 62720 | Depths:3 | Identified a +0 dagger
 62720 | Depths:3 | Identified a +0 robe
 62791 | Depths:3 | Identified a +0 arbalest
 62793 | Depths:3 | Identified a +0 arbalest
 62838 | Depths:3 | Identified a +0 arbalest
 62845 | Depths:3 | Identified a cursed -2 arbalest
 62845 | Depths:3 | Identified a +0 arbalest
 62846 | Depths:3 | Identified a +0 rapier
 62846 | Depths:3 | Identified a +0 animal skin
 62854 | Depths:3 | Identified a +0 spear
 62854 | Depths:3 | Identified a +0 buckler
 62862 | Depths:3 | Reached skill level 18 in Earth Magic
 63104 | Depths:3 | Identified a +2 battleaxe of freezing
 63186 | Depths:3 | Identified +0 fire dragon scales
 63191 | Depths:3 | Identified a +0 arbalest
 63316 | Depths:3 | Identified the Guide on the Mutagenic Rocks
 63333 | Depths:3 | Identified a +0 dagger
 63333 | Depths:3 | Identified a +0 leather armour
 63411 | Depths:3 | Identified a +0 arbalest
 63412 | Depths:3 | Identified a +2 arbalest of freezing
 63413 | Depths:3 | Identified a +0 arbalest
 63413 | Depths:3 | Identified a +0 arbalest
 63556 | Depths:3 | Identified a +0 arbalest
 63569 | Depths:3 | Found a gateway to a ziggurat.
 63744 | Depths:3 | Identified a +0 flail of protection
 63744 | Depths:3 | Identified a +0 robe
 63744 | Depths:3 | Identified a +0 buckler
 63764 | Depths:3 | Identified a +0 troll leather armour
 63905 | Depths:3 | Identified a +2 shortbow of flaming
 63905 | Depths:3 | Identified the amulet of Cowardice {Reflect *Corrode rElec
                  | rF- Int+7 SH+3}
 63939 | Depths:3 | Noticed a juggernaut
 64294 | Depths:3 | Identified Saogili's Almanac of the Spatial Birds
 64313 | Depths:3 | Reached skill level 11 in Armour
 64314 | Depths:3 | Reached XP level 22. HP: 145/145 MP: 29/44
 64482 | Depths:3 | Killed a juggernaut
 64620 | Depths:4 | Identified a +1 great mace
 64620 | Depths:4 | Identified a +0 chain mail
 64620 | Depths:4 | Identified a +0 long sword
 64620 | Depths:4 | Identified a +0 plate armour
 64620 | Depths:4 | Identified a +2 great sword
 64620 | Depths:4 | Identified a +0 plate armour
 64620 | Depths:4 | Identified a +3 broad axe of distortion
 64620 | Depths:4 | Identified a +0 plate armour
 64620 | Depths:4 | Identified a +0 dagger
 64620 | Depths:4 | Identified a cursed +0 robe
 64620 | Depths:4 | Identified a +0 vorpal great sword
 64620 | Depths:4 | Identified a +0 chain mail
 64620 | Depths:4 | Identified a +0 dagger
 64620 | Depths:4 | Identified a +0 robe
 64620 | Depths:4 | Identified a +0 arbalest
 64620 | Depths:4 | Identified a +0 arbalest
 64620 | Depths:4 | Identified a +0 arbalest
 64687 | Depths:4 | Identified +0 fire dragon scales
 64847 | Depths:4 | Identified a +0 great sword of flaming
 65037 | Depths:4 | Identified a +1 great sword of flaming
 65192 | Depths:4 | Identified a +0 short sword
 65192 | Depths:4 | Noticed a deep elf sorcerer
 65193 | Depths:4 | Killed a deep elf sorcerer
 65271 | Depths:4 | Found a one-way gate to the infinite horrors of the Abyss.
 65309 | Depths:4 | Identified a +0 dire flail of protection
 65309 | Depths:4 | Identified a +0 dire flail
 65379 | Depths:4 | Found the +27 Lear's hauberk
 65605 | Depths:4 | Found Pixzig's Jewellery Shop.
 65605 | Depths:4 | Found Ewev's Gadget Emporium.
 65605 | Depths:4 | Identified a +4 rapier
 65605 | Depths:4 | Identified a +0 animal skin
 65605 | Depths:4 | Identified a +0 spear
 65605 | Depths:4 | Identified a +0 robe
 65657 | Depths:4 | Found Nowoc's Gadget Emporium.
 65664 | Depths:4 | Identified a +0 arbalest
 65665 | Depths:4 | Noticed a golden dragon
 65671 | Depths:4 | Killed a golden dragon
 65671 | Depths:4 | Identified +0 gold dragon scales
 65683 | Depths:4 | Reached skill level 19 in Earth Magic
 65830 | Depths:4 | Identified a +1 great sword of flaming
 65833 | Depths:4 | Identified a +0 troll leather armour
 65833 | Depths:4 | Identified a +0 great mace of draining
 65833 | Depths:4 | Identified a +0 scale mail
 65836 | Depths:4 | Identified a scroll of holy word
 66104 | Depths:4 | Identified a +0 spear of venom
 66110 | Depths:4 | Identified a +0 troll leather armour
 66110 | Depths:4 | Reached skill level 14 in Conjurations
 66183 | Depths:4 | Identified a +3 war axe
 66183 | Depths:4 | Identified a +0 ring mail
 66183 | Depths:4 | Identified a +2 buckler of poison resistance
 66318 | Depths:4 | Found Baciugad's Jewellery Emporium.
 66523 | Depths:4 | Identified a +0 rapier
 66523 | Depths:4 | Identified a +0 animal skin
 66528 | Depths:4 | Identified a +5 demon whip of venom
 66528 | Depths:4 | Identified a +0 robe
 66528 | Depths:4 | Identified a +0 buckler
 66656 | Depths:4 | Identified a +0 long sword
 66656 | Depths:4 | Identified a +0 robe
 66680 | Depths:4 | Identified a +0 shortbow
 66689 | Depths:4 | Identified +0 shadow dragon scales
 66965 | Depths:4 | Noticed a caustic shrike
 66976 | Depths:4 | Killed a caustic shrike
 66976 | Depths:4 | Reached skill level 12 in Armour
 67229 | Depths:4 | Identified Zaemu's Handbook of Supportive Contamination
 67474 | Depths:5 | Entered Level 5 of the Depths
 67474 | Depths:5 | Identified a +0 dire flail of protection
 67474 | Depths:5 | Identified a +0 dire flail
 67474 | Depths:5 | Identified a +2 great sword of flaming
 67487 | Depths:5 | Identified a +0 robe
 67506 | Depths:5 | Noticed a golden dragon
 67507 | Depths:5 | Identified a +0 dire flail
 67507 | Depths:5 | Identified a +0 dire flail
 67507 | Depths:5 | Identified a +0 battleaxe
 67520 | Depths:5 | Killed a golden dragon
 67696 | Depths:5 | Noticed a golden dragon
 67697 | Depths:5 | Identified a +3 battleaxe of freezing
 67703 | Depths:5 | Killed a golden dragon
 67703 | Depths:5 | Reached skill level 18 in Fighting
 67703 | Depths:5 | Reached XP level 23. HP: 132/152 MP: 15/45
 67880 | Depths:5 | Identified a +0 long sword
 67880 | Depths:5 | Identified a +0 cloak
 67988 | Depths:5 | Reached skill level 20 in Earth Magic
 67995 | Depths:5 | Identified a +0 robe
 67997 | Depths:5 | Identified a +0 dire flail
 67997 | Depths:5 | Identified a +0 dire flail
 68060 | Depths:5 | Identified a +2 long sword
 68060 | Depths:5 | Identified a +0 plate armour
 68334 | Depths:5 | Identified a +0 short sword
 68334 | Depths:5 | Noticed a deep elf sorcerer
 68337 | Depths:5 | Killed a deep elf sorcerer
 68348 | Depths:5 | Reached skill level 19 in Spellcasting
 68504 | Depths:5 | Noticed a juggernaut
 68509 | Depths:5 | Killed a juggernaut
 68643 | Depths:5 | Identified a +0 arbalest
 68644 | Depths:5 | Identified a +0 arbalest
 68645 | Depths:5 | Identified a +0 arbalest
 68853 | Depths:5 | Noticed a caustic shrike
 68853 | Depths:5 | Noticed a caustic shrike
 68853 | Depths:5 | Noticed a caustic shrike
 68853 | Depths:5 | Noticed a caustic shrike
 68854 | Depths:5 | Noticed a caustic shrike
 68899 | Depths:5 | Gained mutation: Scrolls take you a little longer to read.
                  | [mutagenic glow]
 69145 | Depths:5 | Identified a +0 great sword of flaming
 69200 | Depths:5 | Lost mutation: Scrolls take you a little longer to read.
                  | [potion of mutation]
 69200 | Depths:5 | Gained mutation: You are partially covered in icy blue
                  | scales. (AC +2) [potion of mutation]
 69200 | Depths:5 | Gained mutation: You are robust. (+10% HP) [potion of
                  | mutation]
 69262 | Depths:5 | Killed a caustic shrike
 69263 | Depths:5 | Killed a caustic shrike
 69263 | Depths:5 | Killed a caustic shrike
 69263 | Depths:5 | Reached skill level 13 in Armour
 69264 | Depths:5 | Killed a caustic shrike
 69266 | Depths:5 | Killed a caustic shrike
 69458 | Depths:5 | Found a gate to the Realm of Zot.
 69458 | Depths:5 | Identified a +0 mace
 69458 | Depths:5 | Identified a +0 rapier
 69458 | Depths:5 | Identified a +0 animal skin
 69458 | Depths:5 | Identified a cursed -3 arbalest
 69458 | Depths:5 | Identified a +0 glaive
 69458 | Depths:5 | Identified a +0 plate armour
 69588 | Depths:5 | Identified a +0 halberd
 69735 | Depths:5 | Identified a +0 cloak
 69917 | Depths:5 | Identified a +0 scimitar
 69921 | Depths:5 | Identified a +0 dire flail
 69921 | Depths:5 | Identified a +0 dire flail
 70417 | Elf:1    | Entered Level 1 of the Elven Halls
 70417 | Elf:1    | Identified a +0 long sword
 70417 | Elf:1    | Identified a +0 chain mail
 70417 | Elf:1    | Identified a +0 long sword
 70417 | Elf:1    | Identified a +0 long sword
 70417 | Elf:1    | Identified a +0 ring mail
 70491 | Elf:1    | Identified a +4 glaive of venom
 70491 | Elf:1    | Identified a +0 long sword
 70531 | Elf:1    | Found a magical portal.
 70602 | WizLab   | Entered Cigotuvi's Fleshworks
 70610 | WizLab   | Identified a +0 dagger
 70624 | WizLab   | Identified a +0 flail
 70624 | WizLab   | Identified a +0 ring mail
 70877 | Elf:1    | Identified a +0 long sword
 70878 | Elf:1    | Identified a +0 long sword
 70878 | Elf:1    | Identified a +2 leather armour of poison resistance
 70881 | Elf:1    | Identified a -3 short sword
 70881 | Elf:1    | Identified a +0 shortbow
 70881 | Elf:1    | Identified a +0 leather armour
 70882 | Elf:1    | Identified a +0 long sword
 70884 | Elf:1    | Identified a +0 short sword
 70884 | Elf:1    | Identified a -2 shortbow
 70884 | Elf:1    | Identified a +0 leather armour
 70893 | Elf:1    | Identified a +1 halberd of venom
 70954 | Elf:1    | Identified a cursed +0 short sword
 70954 | Elf:1    | Identified a +0 ring mail
 71083 | Elf:1    | Identified a +2 long sword of protection
 71103 | Elf:1    | Identified a +0 long sword
 71103 | Elf:1    | Identified a +0 leather armour
 71196 | Elf:1    | Identified a +0 dagger
 71196 | Elf:1    | Identified a +0 leather armour
 71201 | Elf:1    | Identified a +0 long sword
 71201 | Elf:1    | Identified a +0 chain mail
 71314 | Elf:1    | Identified a +0 rapier
 71314 | Elf:1    | Identified a +0 long sword
 71314 | Elf:1    | Identified a +0 leather armour
 71332 | Elf:1    | Identified a cursed +0 short sword
 71335 | Elf:1    | Identified a +0 dagger
 71337 | Elf:1    | Identified a +1 short sword of venom
 71343 | Elf:1    | Identified a +0 short sword
 71343 | Elf:1    | Identified a +0 scale mail
 71386 | Elf:1    | Identified a +0 rapier
 71386 | Elf:1    | Identified a +0 chain mail
 71418 | Elf:1    | Got a pitted ring mail
 71419 | Elf:1    | Identified the cursed +0 ring mail of the True Pharaoh
                  | {rElec rN+ Int+4 Stlth-} (You found it on level 1 of the
                  | Elven Halls)
 71428 | Elf:1    | Identified a +0 dagger
 71428 | Elf:1    | Identified a +0 shortbow
 71428 | Elf:1    | Identified a +0 leather armour
 71429 | Elf:1    | Identified a +0 short sword
 71442 | Elf:1    | Identified a +0 dagger
 71442 | Elf:1    | Identified a +3 shortbow
 71442 | Elf:1    | Identified a +0 leather armour
 71448 | Elf:1    | Identified a +0 rapier
 71451 | Elf:1    | Identified a +0 short sword
 71451 | Elf:1    | Identified a +0 longbow
 71451 | Elf:1    | Identified a +0 leather armour
 71607 | Elf:1    | Identified a +0 short sword
 71607 | Elf:1    | Identified a +0 longbow
 71607 | Elf:1    | Identified a +0 leather armour
 71927 | Elf:1    | Identified a +1 double sword of holy wrath
 71927 | Elf:1    | Identified a +2 chain mail of magic resistance
 71927 | Elf:1    | Identified a +1 kite shield of fire resistance
 71927 | Elf:1    | Noticed Donald
 71930 | Elf:1    | Killed Donald
 71962 | Elf:1    | Identified a +0 glaive of venom
 72061 | Elf:1    | Identified a +0 dagger
 72061 | Elf:1    | Identified a +0 leather armour
 72061 | Elf:1    | Identified a +0 long sword
 72061 | Elf:1    | Identified a +0 leather armour
 72065 | Elf:1    | Reached skill level 19 in Fighting
 72434 | Elf:2    | Identified a +0 short sword
 72434 | Elf:2    | Identified a +0 dagger
 72434 | Elf:2    | Identified a +0 scale mail
 72434 | Elf:2    | Identified a +0 long sword
 72434 | Elf:2    | Identified a +0 short sword
 72434 | Elf:2    | Identified a cursed +0 shortbow
 72434 | Elf:2    | Identified a +0 ring mail
 72434 | Elf:2    | Identified a +0 rapier
 72436 | Elf:2    | Identified a +0 longbow
 72436 | Elf:2    | Identified a +0 scale mail
 72443 | Elf:2    | Identified a +0 short sword
 72443 | Elf:2    | Identified a +0 shortbow
 72443 | Elf:2    | Identified a +0 leather armour
 72560 | Elf:2    | Identified a +0 rapier
 72565 | Elf:2    | Identified a +2 vampiric halberd
 72565 | Elf:2    | Identified a +0 long sword
 72568 | Elf:2    | Reached skill level 14 in Armour
 72715 | Elf:2    | Identified a +0 long sword
 72795 | Elf:2    | Identified a +4 dagger
 72796 | Elf:2    | Found a runed translucent gate.
 72796 | Elf:2    | Found a runed translucent gate.
 72796 | Elf:2    | Found a runed translucent gate.
 72796 | Elf:2    | Identified a +0 falchion
 72909 | Elf:2    | Identified a +0 long sword
 72925 | Elf:2    | Identified a +0 short sword
 72925 | Elf:2    | Identified a +0 buckler
 72929 | Elf:2    | Identified a +2 scimitar of draining
 72929 | Elf:2    | Identified a +2 short sword of venom
 73144 | Elf:2    | Identified a +0 short sword
 73144 | Elf:2    | Identified a +0 buckler
 73239 | Elf:3    | Entered Level 3 of the Elven Halls
 73250 | Elf:3    | Identified a +4 war axe of freezing
 73363 | Elf:3    | Identified a +4 war axe of flaming
 73460 | Elf:3    | Identified a +0 short sword
 73460 | Elf:3    | Identified a +0 ring mail
 73526 | Elf:3    | Identified a +0 flail
 73526 | Elf:3    | Identified a +0 leather armour
 73526 | Elf:3    | Identified a +0 club
 73535 | Elf:3    | Identified a +0 hand axe
 73535 | Elf:3    | Identified a +0 chain mail
 73535 | Elf:3    | Identified a +0 club
 73535 | Elf:3    | Identified a +0 trident
 73543 | Elf:3    | Identified a +0 hand axe
 73543 | Elf:3    | Identified a +0 plate armour
 73550 | Elf:3    | Identified a +0 long sword
 73704 | Elf:3    | Identified a +4 vorpal scimitar
 73719 | Elf:3    | Identified a +1 scimitar of holy wrath
 73750 | Elf:3    | Identified a +0 long sword
 73750 | Elf:3    | Noticed a deep elf demonologist
 73752 | Elf:3    | Killed a deep elf demonologist
 73763 | Elf:3    | Identified a +0 long sword
 73763 | Elf:3    | Noticed a deep elf sorcerer
 73767 | Elf:3    | Killed a deep elf sorcerer
 73767 | Elf:3    | Reached XP level 24. HP: 176/176 MP: 34/46
 73805 | Elf:3    | Identified a +0 rapier
 73922 | Elf:3    | Identified a +0 long sword
 73922 | Elf:3    | Identified a +0 buckler
 73923 | Elf:3    | Identified a +1 scimitar of holy wrath
 73923 | Elf:3    | Identified a +0 ring mail
 73924 | Elf:3    | Identified a +3 mace of protection
 73926 | Elf:3    | Identified a +0 rapier
 73926 | Elf:3    | Identified a +0 dagger
 73926 | Elf:3    | Identified a -2 longbow
 73926 | Elf:3    | Identified a +0 leather armour
 74060 | Elf:3    | Noticed Qutubeot's ghost (adept GrEE)
 74060 | Elf:3    | Identified a +4 morningstar of protection
 74060 | Elf:3    | Identified a +2 long sword of electrocution
 74061 | Elf:3    | Identified a +0 short sword
 74061 | Elf:3    | Identified a +0 longbow
 74061 | Elf:3    | Identified a +0 leather armour
 74062 | Elf:3    | Identified a +0 short sword of electrocution
 74062 | Elf:3    | Identified a +0 leather armour
 74062 | Elf:3    | Identified a +0 short sword
 74062 | Elf:3    | Identified a +0 scale mail
 74066 | Elf:3    | Found a runed translucent gate.
 74066 | Elf:3    | Found a runed translucent gate.
 74066 | Elf:3    | Found a runed translucent gate.
 74102 | Elf:3    | Identified a +0 long sword
 74111 | Elf:3    | Identified a +0 rapier
 74111 | Elf:3    | Identified a cursed +0 ring mail
 74137 | Elf:3    | Identified a +0 rapier
 74137 | Elf:3    | Noticed a deep elf demonologist
 74139 | Elf:3    | Identified a +0 scimitar of holy wrath
 74139 | Elf:3    | Identified a +0 dagger
 74139 | Elf:3    | Noticed a deep elf sorcerer
 74140 | Elf:3    | Killed a deep elf demonologist
 74145 | Elf:3    | Identified a +0 short sword
 74145 | Elf:3    | Identified a +0 leather armour
 74146 | Elf:3    | Killed a deep elf sorcerer
 74242 | Elf:3    | Identified a +0 short sword
 74242 | Elf:3    | Identified a +0 leather armour
 74245 | Elf:3    | Identified a +0 dagger
 74261 | Elf:3    | Identified the +7 glaive of the Lost Tales {flame, rElec
                  | rC- Dex+4}
 74261 | Elf:3    | Identified a +2 leather armour of poison resistance
 74409 | Elf:3    | Identified a +0 long sword
 74412 | Elf:3    | Identified a +0 dagger
 74412 | Elf:3    | Identified a +0 ring mail
 74413 | Elf:3    | Identified a +5 dagger
 74413 | Elf:3    | Identified a +0 shortbow
 74413 | Elf:3    | Identified a +0 leather armour
 74414 | Elf:3    | Identified a +0 scimitar
 74605 | Elf:3    | Identified a +0 short sword
 74657 | Elf:3    | Identified a +6 short sword of draining
 74718 | Elf:3    | Identified a +1 short sword of draining
 74749 | Elf:3    | Identified a +4 morningstar of protection
 74749 | Elf:3    | Identified a +0 leather armour
 74749 | Elf:3    | Identified a +2 ring of strength
 74749 | Elf:3    | Identified a +1 vorpal mace
 74794 | Elf:3    | Identified a +0 scimitar
 74794 | Elf:3    | Identified a +0 leather armour
 74913 | Elf:3    | Identified a +0 short sword
 74952 | Elf:3    | Identified a +4 scimitar of holy wrath
 74952 | Elf:3    | Identified a +0 shortbow
 74952 | Elf:3    | Identified a +2 ring mail of magic resistance
 75011 | Elf:3    | Identified a +0 scimitar of electrocution
 75011 | Elf:3    | Identified a +0 leather armour
 75014 | Elf:3    | Identified a +1 long sword of holy wrath
 75014 | Elf:3    | Identified a +0 chain mail
 75052 | Elf:3    | Identified a +0 long sword
 75052 | Elf:3    | Identified a +0 ring mail
 75052 | Elf:3    | Noticed a deep elf sorcerer
 75056 | Elf:3    | Killed a deep elf sorcerer
 75136 | Elf:3    | Identified a +0 dagger
 75136 | Elf:3    | Identified a +1 ring mail of poison resistance
 75138 | Elf:3    | Identified a +1 whip of draining
 75189 | Elf:3    | Identified a +0 morningstar of protection
 75189 | Elf:3    | Identified a +1 leather armour of fire resistance
 75198 | Elf:3    | Identified a +0 long sword
 75203 | Elf:3    | Identified the +2 long sword of Eheatid {vorpal, *Slow
                  | rPois MP+9 Int+4}
 75203 | Elf:3    | Identified a +0 leather armour
 75203 | Elf:3    | Identified a +4 ring of dexterity
 75234 | Elf:3    | Identified a +0 long sword
 75234 | Elf:3    | Noticed a deep elf sorcerer
 75236 | Elf:3    | Killed a deep elf sorcerer
 75315 | Elf:3    | Identified a +0 longbow
 75315 | Elf:3    | Identified a +0 leather armour
 75331 | Elf:3    | Identified a +5 dagger of draining
 75331 | Elf:3    | Identified a +0 kite shield of protection
 75334 | Elf:3    | Identified a +2 mace of protection
 75334 | Elf:3    | Identified a +0 buckler
 75569 | Elf:3    | Found the +7 Kryia's mail coat {PotionHeal*2 rC+}
 75583 | Elf:3    | Identified Vehumet's Disquisition on Conjuration
 75598 | Elf:3    | Identified the Compendium of Creative Earth
 75628 | Elf:3    | Identified a +0 scimitar of flaming
 75689 | Elf:3    | Identified a +0 dagger
 75689 | Elf:3    | Identified a +0 longbow
 75689 | Elf:3    | Identified a +0 leather armour
 75837 | Elf:3    | Identified a +0 dagger
 75837 | Elf:3    | Noticed a deep elf demonologist
 75842 | Elf:3    | Killed a deep elf demonologist
 76426 | Vaults:3 | Identified a +0 morningstar
 76426 | Vaults:3 | Identified a +0 ring mail
 76466 | Vaults:3 | Identified a +0 short sword
 76466 | Vaults:3 | Identified a +0 shortbow
 76466 | Vaults:3 | Identified a +0 leather armour
 76550 | Vaults:3 | Identified a cursed -2 arbalest
 76607 | Vaults:3 | Identified a +3 great sword of flaming
 76607 | Vaults:3 | Identified a +0 ring mail of magic resistance
 76607 | Vaults:3 | Noticed Sojobo
 76607 | Vaults:3 | Identified a +1 long sword of electrocution
 76607 | Vaults:3 | Identified a +0 ring mail
 76607 | Vaults:3 | Identified a +0 buckler
 76607 | Vaults:3 | Identified a +2 vorpal great sword
 76607 | Vaults:3 | Identified a +0 scale mail
 76612 | Vaults:3 | Killed Sojobo
 76690 | Vaults:3 | Identified a +0 short sword
 76690 | Vaults:3 | Identified a +0 shortbow
 76690 | Vaults:3 | Identified a +0 leather armour
 76694 | Vaults:3 | Identified a cursed -2 great sword
 76694 | Vaults:3 | Identified a +0 plate armour
 76694 | Vaults:3 | Identified a +2 vorpal arbalest
 76695 | Vaults:3 | Identified a +0 arbalest
 76696 | Vaults:3 | Identified a +0 arbalest
 76736 | Vaults:3 | Identified a +0 scimitar
 76736 | Vaults:3 | Identified a +0 chain mail
 76845 | Vaults:3 | Learned a level 7 spell: Spellforged Servitor
 76894 | Vaults:3 | Identified a +0 dire flail
 76894 | Vaults:3 | Identified a +0 plate armour of fire resistance
 76894 | Vaults:3 | Identified a +1 morningstar of draining
 76894 | Vaults:3 | Identified a +0 ring mail
 76894 | Vaults:3 | Identified a +2 long sword
 76894 | Vaults:3 | Identified a +0 plate armour
 76989 | Vaults:3 | Identified a +0 longbow
 77085 | Vaults:3 | Identified a +1 war axe
 77085 | Vaults:3 | Identified a +0 chain mail
 77085 | Vaults:3 | Identified a +1 vorpal arbalest
 77085 | Vaults:3 | Identified a +0 arbalest
 77085 | Vaults:3 | Identified a +0 arbalest
 77085 | Vaults:3 | Identified a +0 arbalest
 77160 | Vaults:3 | Identified a +0 trident
 77160 | Vaults:3 | Identified a +0 robe
 77242 | Vaults:3 | Identified a +0 great mace of draining
 77242 | Vaults:3 | Identified a +0 scale mail
 77257 | Vaults:3 | Reached skill level 1 in Summonings
 77267 | Vaults:3 | Identified a +0 dire flail
 77267 | Vaults:3 | Identified a +0 ring mail
 77322 | Vaults:3 | Found Vuguj's Armour Shoppe.
 77462 | Vaults:3 | Identified a +0 ring mail
 77463 | Vaults:3 | Identified a +0 whip
 77463 | Vaults:3 | Identified a +0 leather armour
 77464 | Vaults:3 | Identified a +0 long sword
 77464 | Vaults:3 | Identified a +0 chain mail
 77464 | Vaults:3 | Identified a cursed -2 dagger
 77464 | Vaults:3 | Identified a +0 robe
 77465 | Vaults:3 | Identified a cursed -2 long sword
 77465 | Vaults:3 | Identified a cursed +0 chain mail
 77541 | Vaults:3 | Identified a +0 dagger
 77541 | Vaults:3 | Identified a +0 arbalest
 77554 | Vaults:3 | Identified a +0 glaive
 77554 | Vaults:3 | Identified a +0 plate armour
 77640 | Vaults:3 | Identified a +0 battleaxe
 77640 | Vaults:3 | Identified a +0 chain mail
 77683 | Vaults:3 | Identified a +0 dagger
 77683 | Vaults:3 | Identified a +0 robe
 77690 | Vaults:3 | Identified a +0 giant club
 77708 | Vaults:3 | Identified a +0 halberd
 77708 | Vaults:3 | Identified a +0 plate armour
 77709 | Vaults:3 | Identified a +0 club
 77711 | Vaults:3 | Identified a +0 falchion
 77738 | Vaults:3 | Identified a +0 giant club
 77738 | Vaults:3 | Identified a +1 great mace of protection
 77742 | Vaults:3 | Identified a +0 morningstar
 77742 | Vaults:3 | Identified a +0 ring mail
 77742 | Vaults:3 | Identified a +0 halberd
 77742 | Vaults:3 | Identified a +0 robe
 77742 | Vaults:3 | Identified a +0 giant club
 77742 | Vaults:3 | Identified a +0 giant spiked club
 77743 | Vaults:3 | Identified a +0 club
 77749 | Vaults:3 | Reached skill level 20 in Spellcasting
 77779 | Vaults:3 | Identified a +0 battleaxe
 78018 | Vaults:3 | Identified a +0 trident
 78019 | Vaults:3 | Reached skill level 15 in Armour
 78448 | Vaults:3 | Identified a +0 hand axe
 78448 | Vaults:3 | Identified a +0 arbalest (You took it off a yaktaur on
                  | level 3 of the Vaults)
 78487 | Vaults:3 | Identified a +0 battleaxe
 78487 | Vaults:3 | Identified a +0 arbalest (You took it off a yaktaur on
                  | level 3 of the Vaults)
 78550 | Vaults:3 | Found a staircase to the Crypt.
 78800 | Vaults:3 | Identified a +0 mace
 78800 | Vaults:3 | Identified a +0 robe
 78864 | Vaults:3 | Identified a +0 arbalest
 78880 | Vaults:3 | Reached skill level 2 in Summonings
 78881 | Vaults:3 | Identified a +0 trident
 78881 | Vaults:3 | Identified a +0 robe
 79104 | Vaults:4 | Identified +0 ice dragon scales
 79134 | Vaults:4 | Identified the amulet "Vaulegesiy" {Acrobat rC+ Int+3} (You
                  | found it on level 4 of the Vaults)
 79256 | Vaults:4 | Identified a +0 dire flail
 79256 | Vaults:4 | Identified a +0 giant club
 79256 | Vaults:4 | Identified a +0 giant club
 79256 | Vaults:4 | Identified a +0 dire flail
 79257 | Vaults:4 | Identified a +0 great mace
 79257 | Vaults:4 | Identified a +0 giant club
 79257 | Vaults:4 | Identified a +0 giant club
 79257 | Vaults:4 | Identified a +0 giant spiked club
 79257 | Vaults:4 | Identified a +0 giant spiked club
 79257 | Vaults:4 | Identified a +0 spear of freezing
 79257 | Vaults:4 | Identified a +0 robe
 79350 | Vaults:4 | Identified a cursed -2 halberd
 79350 | Vaults:4 | Identified a +0 robe
 79350 | Vaults:4 | Identified a +0 giant spiked club
 79350 | Vaults:4 | Identified a +0 giant spiked club
 79350 | Vaults:4 | Identified a +0 dire flail
 79350 | Vaults:4 | Identified a +0 giant club
 79350 | Vaults:4 | Identified a +0 giant club
 79351 | Vaults:4 | Identified a +0 giant spiked club
 79351 | Vaults:4 | Identified a +0 giant club
 79352 | Vaults:4 | Identified a +0 giant spiked club
 79353 | Vaults:4 | Reached skill level 15 in Conjurations
 79356 | Vaults:4 | Identified a +0 scimitar
 79356 | Vaults:4 | Identified a +0 shortbow
 79356 | Vaults:4 | Identified a +0 giant club
 79356 | Vaults:4 | Identified a cursed -3 giant club
 79356 | Vaults:4 | Identified a +0 short sword
 79359 | Vaults:4 | Identified a cursed -1 rapier
 79359 | Vaults:4 | Noticed a deep elf sorcerer
 79360 | Vaults:4 | Killed a deep elf sorcerer
 79360 | Vaults:4 | Identified a +0 flail
 79360 | Vaults:4 | Identified a +0 ring mail
 79362 | Vaults:4 | Identified a +1 war axe
 79362 | Vaults:4 | Identified a +0 chain mail
 79364 | Vaults:4 | Identified a +2 war axe of freezing
 79364 | Vaults:4 | Identified a +0 chain mail
 79367 | Vaults:4 | Identified a +0 arbalest
 79371 | Vaults:4 | Identified a +0 arbalest
 79515 | Vaults:4 | Reached skill level 3 in Summonings
 79599 | Vaults:4 | Identified a +0 war axe
 79599 | Vaults:4 | Identified a +0 chain mail
 79602 | Vaults:4 | Noticed a lich
 79605 | Vaults:4 | Killed a lich
 79605 | Vaults:4 | Reached XP level 25. HP: 184/184 MP: 29/47
 79610 | Vaults:4 | Identified a +2 battleaxe of freezing
 79777 | Vaults:4 | Found Heizo's Gadget Emporium.
 79780 | Vaults:4 | Bought a wand of acid (8) for 480 gold pieces
 79863 | Vaults:4 | Identified a +0 great mace
 79863 | Vaults:4 | Identified a +0 ring mail
 79863 | Vaults:4 | Identified a +0 great sword of draining
 79863 | Vaults:4 | Identified a +0 chain mail
 79863 | Vaults:4 | Identified a +0 long sword
 79863 | Vaults:4 | Identified a +0 plate armour
 79942 | Vaults:4 | Identified a +0 dire flail
 79942 | Vaults:4 | Identified a +0 ring mail
 80089 | Vaults:4 | Identified a +0 dire flail
 80089 | Vaults:4 | Identified a +0 arbalest
 80089 | Vaults:4 | Identified a +0 plate armour
 80357 | Vaults:4 | Identified a +0 dagger
 80357 | Vaults:4 | Identified a +0 robe
 80357 | Vaults:4 | Identified a +0 mace
 80358 | Vaults:4 | Identified a +0 club
 80359 | Vaults:4 | Identified a +0 great mace
 80359 | Vaults:4 | Identified a +0 plate armour
 80375 | Vaults:4 | Identified a +0 spear
 80375 | Vaults:4 | Identified a +0 robe
 80377 | Vaults:4 | Identified a +0 giant club
 80379 | Vaults:4 | Identified a +0 giant club
 80379 | Vaults:4 | Identified a cursed +0 giant spiked club
 80380 | Vaults:4 | Identified a +0 giant spiked club
 80380 | Vaults:4 | Identified a cursed -3 giant spiked club
 80380 | Vaults:4 | Identified a +0 giant club
 80380 | Vaults:4 | Identified a +0 giant club
 80381 | Vaults:4 | Identified a +0 flail
 80381 | Vaults:4 | Identified a +0 ring mail
 80546 | Vaults:4 | Identified a +0 dire flail
 80546 | Vaults:4 | Identified a +0 dire flail
 80593 | Vaults:4 | Identified a +0 great mace
 80593 | Vaults:4 | Identified a +0 scale mail
 81042 | Slime:1  | Entered Level 1 of the Pits of Slime
 81306 | Slime:3  | Reached skill level 4 in Summonings
 81589 | Slime:5  | Entered Level 5 of the Pits of Slime
 81697 | Slime:3  | Reached skill level 20 in Fighting
 81988 | Slime:5  | Reached skill level 21 in Earth Magic
 82054 | Slime:5  | Noticed the Royal Jelly
 82196 | Slime:3  | Noticed Dissolution
 82327 | Slime:5  | Killed the Royal Jelly
 82789 | Slime:2  | Paralysed by a floating eye for 4 turns
 83415 | Slime:3  | Reached skill level 5 in Summonings
 83492 | Slime:3  | marsu: ?dissolution
 83492 | Slime:3  | marsu: ??dissolution
 83492 | Slime:3  | beem: dissolution[1/3]: A sentient, unique jelly who used
                  | to be human (a long time ago). Burrows like a boring
                  | beetle. If you hear a "sizzling sound", that's him digging
                  | through rock. Summons eyes, so treat with great care.
 83498 | Slime:3  | Killed Dissolution
 83728 | Slime:4  | Gained mutation: You are covered in fur. (AC +1) [a shining
                  | eye]
 83838 | Slime:4  | Paralysed by a great orb of eyes for 6 turns
 84865 | Slime:5  | Gained mutation: You tend to lose your temper in combat. [a
                  | shining eye]
 84866 | Slime:5  | Reached skill level 16 in Armour
 85148 | Slime:5  | Reached skill level 16 in Conjurations
 85319 | Slime:5  | Got a slimy rune of Zot
 85323 | Slime:5  | Found the +8 Wrath of Trog {antimagic, *Rage}
 85338 | Slime:5  | Identified an amulet of faith (You found it on level 5 of
                  | the Pits of Slime)
 85936 | Zot:1    | Entered Level 1 of the Realm of Zot
 86042 | Zot:1    | Reached skill level 6 in Summonings
 86128 | Zot:1    | Identified a +2 hand axe of electrocution
 86218 | Zot:1    | Identified +0 gold dragon scales
 86390 | Zot:1    | Reached XP level 26. HP: 192/192 MP: 43/47
 86440 | Zot:1    | Identified a +0 hand axe
 86440 | Zot:1    | Identified a +0 cloak
 86706 | Zot:1    | Identified a +2 pair of gloves (You found it on level 1 of
                  | the Realm of Zot)
 86717 | Zot:1    | Identified a +0 vorpal long sword
 86717 | Zot:1    | Identified a +0 cloak
 86734 | Zot:1    | Identified a +4 glaive
 86736 | Zot:1    | Identified a +0 long sword
 86736 | Zot:1    | Identified a +0 cloak
 86739 | Zot:1    | Identified a +0 mace
 87170 | Zot:1    | Identified a +0 scimitar of holy wrath
 87170 | Zot:1    | Identified a +0 cloak
 87170 | Zot:1    | Identified a +0 short sword
 87170 | Zot:1    | Identified a +0 cloak
 87170 | Zot:1    | Identified a +0 broad axe
 87170 | Zot:1    | Identified a +0 trident
 87306 | Zot:1    | Identified a +0 scimitar of flaming
 87312 | Zot:1    | Noticed an orb of fire
 87316 | Zot:1    | Killed an orb of fire
 87830 | Zot:2    | Identified quicksilver dragon scales
 87996 | Zot:2    | Identified a +0 cloak
 87998 | Zot:2    | Identified a +0 rapier
 87998 | Zot:2    | Identified a +0 cloak
 88016 | Zot:2    | Identified a +0 dire flail
 88149 | Zot:2    | Reached skill level 7 in Summonings
 88329 | Zot:2    | Identified a +0 flail
 88343 | Zot:2    | Identified a +0 whip
 88343 | Zot:2    | Identified a +0 shortbow
 88343 | Zot:2    | Identified a +0 cloak
 88425 | Zot:2    | Identified a +0 long sword
 88425 | Zot:2    | Identified a +0 cloak
 88426 | Zot:2    | Identified a +0 long sword
 88426 | Zot:2    | Identified a +0 cloak
 88434 | Zot:2    | Identified a +2 war axe of flaming
 88434 | Zot:2    | Identified a +0 cloak
 88434 | Zot:2    | Identified a +0 kite shield
 88435 | Zot:2    | Identified a +0 cloak
 88435 | Zot:2    | Identified a +0 flail
 88436 | Zot:2    | Identified a +0 short sword
 88737 | Zot:2    | Identified a +0 mace
 88828 | Zot:2    | Identified a +0 battleaxe
 88828 | Zot:2    | Identified a +0 scimitar
 88898 | Zot:2    | Identified a +1 halberd of venom
 89052 | Zot:2    | Identified a +0 flail
 89106 | Zot:2    | Identified a +0 flail
 89585 | Zot:2    | Identified a +0 scimitar
 89589 | Zot:2    | Reached skill level 22 in Earth Magic
 90638 | Zot:3    | Identified a +0 dagger
 90638 | Zot:3    | Identified a +0 cloak
 90638 | Zot:3    | Identified a +0 war axe
 90640 | Zot:3    | Identified a +0 hand axe
 90651 | Zot:2    | Identified +0 gold dragon scales
 90652 | Zot:2    | Identified a +0 flail
 90654 | Zot:2    | Reached skill level 21 in Fighting
 90833 | Zot:2    | Identified +0 shadow dragon scales
 90833 | Zot:2    | Reached skill level 8 in Summonings
 90835 | Zot:2    | Identified +0 shadow dragon scales
 91000 | Zot:3    | Identified a +0 hand axe
 91203 | Zot:3    | Identified a +3 short sword
 91205 | Zot:3    | Identified a +3 short sword of protection
 91205 | Zot:3    | Identified a +0 cloak
 91298 | Zot:3    | Identified a +0 long sword
 91298 | Zot:3    | Identified a +0 glaive
 91341 | Zot:3    | Reached skill level 21 in Spellcasting
 91341 | Zot:3    | Reached skill level 17 in Conjurations
 91518 | Zot:3    | Identified a +0 dagger
 91518 | Zot:3    | Identified a +2 cloak
 91518 | Zot:3    | Identified a +0 vorpal long sword
 91518 | Zot:3    | Identified a +0 rapier
 91518 | Zot:3    | Identified a +0 cloak
 91518 | Zot:3    | Identified a +2 hand axe of venom
 91518 | Zot:3    | Identified a +0 mace
 91518 | Zot:3    | Identified a +2 vorpal battleaxe
 91518 | Zot:3    | Identified a +0 cloak
 91767 | Zot:3    | Identified a +0 dire flail
 91767 | Zot:3    | Identified a +0 trident
 91824 | Zot:3    | Identified a +0 club
 91933 | Zot:3    | Identified a +0 glaive
 91933 | Zot:3    | Identified an uncursed ring of resist corrosion
 92065 | Zot:3    | Identified a +2 glaive of venom
 92066 | Zot:3    | Identified a +0 falchion
 92066 | Zot:3    | Identified a +0 cloak
 92259 | Zot:3    | Identified a +0 trident
 92260 | Zot:3    | Identified a cursed +0 cloak
 92264 | Zot:3    | Identified a +0 long sword
 92264 | Zot:3    | Identified a +0 cloak
 92273 | Zot:3    | Identified a +0 long sword
 92282 | Zot:3    | Identified a +0 dire flail
 92689 | Zot:3    | Reached XP level 27. HP: 200/200 MP: 37/48
 92816 | Zot:3    | Identified a +0 glaive
 92818 | Zot:3    | Identified a +0 dagger
 92818 | Zot:3    | Identified a +0 cloak
 92819 | Zot:3    | Identified a +0 great mace
 92819 | Zot:3    | Identified a +0 cloak
 93324 | Zot:3    | Identified a +0 hand axe
 93328 | Zot:3    | Identified a +0 glaive
 93587 | Zot:3    | Identified a +2 trident of protection
 93588 | Zot:3    | Identified a +0 cloak
 93589 | Zot:3    | Identified a +3 long sword
 93589 | Zot:3    | Identified a +0 cloak
 93768 | Zot:4    | Identified a +12 vorpal club
 93768 | Zot:4    | Identified a +12 club of distortion
 93768 | Zot:4    | Identified a +2 battleaxe of electrocution
 93768 | Zot:4    | Identified a +0 short sword
 93768 | Zot:4    | Identified a +0 glaive
 93772 | Zot:4    | Noticed an ancient lich
 93773 | Zot:4    | Identified a +10 club of electrocution
 93778 | Zot:4    | Identified +0 storm dragon scales
 94116 | Zot:3    | Identified +0 gold dragon scales
 94305 | Zot:4    | Identified quicksilver dragon scales
 94305 | Zot:4    | Identified a +0 dire flail
 94306 | Zot:4    | Cast into level 5 of the Abyss (an ancient lich)
 94306 | Abyss:5  | Entered Level 5 of the Abyss
 94361 | Abyss:5  | Identified a +1 demon whip of venom
 94361 | Abyss:5  | Identified a +2 scythe of protection
 94693 | Abyss:5  | Reached skill level 9 in Dodging
 94712 | Zot:4    | Escaped the Abyss
 94892 | Zot:4    | Identified quicksilver dragon scales
 95058 | Zot:4    | Identified a +0 battleaxe
 95165 | Zot:4    | Identified +0 gold dragon scales
 95414 | Zot:4    | Identified +0 shadow dragon scales
 95414 | Zot:4    | Reached skill level 9 in Summonings
 95421 | Zot:4    | Killed an ancient lich
 95576 | Zot:4    | Identified +0 storm dragon scales
 95781 | Zot:4    | Identified a +0 halberd
 95781 | Zot:4    | Identified a +1 cloak of poison resistance
 95784 | Zot:4    | Identified a +0 flail
 95785 | Zot:4    | Identified a +0 scimitar
 95785 | Zot:4    | Identified a +0 long sword
 95785 | Zot:4    | Identified a +0 cloak
 95786 | Zot:4    | Identified a +0 mace
 95829 | Zot:4    | Identified a +0 trident
 95831 | Zot:4    | Identified a +0 hand axe
 95835 | Zot:4    | Identified a +0 hand axe
 95978 | Zot:4    | Identified a +0 long sword
 95978 | Zot:4    | Identified a +0 cloak
 95979 | Zot:4    | Identified a +2 short sword of flaming
 96128 | Zot:3    | Lost mutation: You tend to lose your temper in combat.
                  | [potion of mutation]
 96128 | Zot:3    | Lost mutation: You are robust. (+10% HP) [potion of
                  | mutation]
 96128 | Zot:3    | Lost mutation: You are covered in fur. (AC +1) [potion of
                  | mutation]
 96128 | Zot:3    | Lost mutation: You are partially covered in icy blue
                  | scales. (AC +2) [potion of mutation]
 96128 | Zot:3    | Gained mutation: Armour fits poorly on your strangely
                  | shaped body. [potion of mutation]
 96128 | Zot:3    | Gained mutation: You are agile. (Dex +2) [potion of
                  | mutation]
 96169 | Zot:4    | Noticed a curse toe
 96173 | Zot:4    | Killed a curse toe
 96414 | Zot:5    | Entered Level 5 of the Realm of Zot
 96414 | Zot:5    | Found a radiant altar of Vehumet.
 96837 | Zot:5    | Identified +0 gold dragon scales
 96912 | Zot:5    | Reached skill level 18 in Conjurations
 96919 | Zot:5    | Identified quicksilver dragon scales
 97174 | Zot:5    | Identified a ring of evasion (You found it on level 5 of
                  | the Realm of Zot)
 97371 | Zot:5    | Got a steaming dagger
 97510 | Zot:5    | Reached skill level 23 in Earth Magic
 97511 | Zot:5    | Identified a +0 dire flail
 97922 | Zot:5    | Reached skill level 17 in Armour
 98030 | Zot:5    | Identified a +11 antimagic club
 98031 | Zot:5    | Identified a +8 vorpal club
 98031 | Zot:5    | Noticed an ancient lich
 98218 | Zot:4    | Killed an ancient lich
 98400 | Zot:5    | Noticed an orb of fire
 98401 | Zot:5    | Gained mutation: Scrolls take you a little longer to read.
                  | [an orb of fire]
 98405 | Zot:5    | Gained mutation: You are frail. (-10% HP) [an orb of fire]
 98409 | Zot:5    | Lost mutation: You are agile. (Dex +2) [an orb of fire]
 98411 | Zot:5    | Killed an orb of fire
 98411 | Zot:5    | Reached skill level 22 in Fighting
 98411 | Zot:5    | Reached skill level 10 in Dodging
 98411 | Zot:5    | Reached skill level 10 in Summonings
 98411 | Zot:5    | Noticed an ancient lich
 98419 | Zot:5    | Noticed a Brimstone Fiend
 98420 | Zot:5    | Noticed an Ice Fiend
 98760 | Zot:5    | Killed an ancient lich
 98870 | Zot:5    | Noticed an ancient lich
 98876 | Zot:5    | Killed an ancient lich
 99046 | Zot:5    | Identified a +9 vampiric club
 99886 | Zot:5    | Identified a +10 vampiric club
 99897 | Zot:5    | Identified a +2 halberd of venom
100013 | Zot:5    | Identified a +0 battleaxe
100118 | Zot:5    | Noticed an ancient lich
100125 | Zot:5    | Killed an ancient lich
100125 | Zot:5    | Reached skill level 22 in Spellcasting
100138 | Zot:5    | Noticed a curse toe
100142 | Zot:5    | Killed a curse toe
100268 | Zot:5    | Reached skill level 18 in Armour
100335 | Zot:5    | Noticed an ancient lich
100340 | Zot:5    | Killed an ancient lich
100389 | Zot:5    | Noticed an orb of fire
100393 | Zot:5    | Killed an orb of fire
100536 | Zot:5    | Got the Orb of Zot
100704 | Depths:5 | Reached skill level 24 in Earth Magic
100811 | Depths:2 | Noticed a Tzitzimitl
100913 | D:13     | Identified a +0 vampiric scythe
100944 | D:12     | Identified a +0 plate armour
101007 | D:9      | Identified a +3 spear of freezing
101007 | D:9      | Identified a +0 ring mail
101066 | D:4      | Identified a +1 demon whip of draining
101067 | D:4      | Identified a +2 demon trident of electrocution
101168 | D:1      | Identified a +0 demon blade
101168 | D:1      | Identified a +0 scale mail
101168 | D:1      | Identified a +2 demon whip of freezing
101168 | D:1      | Identified a +0 leather armour
101187 | D:$      | Escaped with the Orb!

Table legend:
 A = Turns spent in this place as a percentage of turns spent in the entire game.
 B = Non-inter-level travel turns spent in this place as a percentage of non-inter-level travel turns spent in the entire game.
 C = Inter-level travel turns spent in this place as a percentage of turns spent in this place.
 D = Turns resting spent in this place as a percentage of non-inter-level travel turns spent in this place.
 E = Turns spent auto-exploring this place as a percentage of non-inter-level travel turns spent in this place.
 F = Non-inter-level travel turns spent in this place divided by the number of levels of this place that you've seen.
                   A       B       C       D       E      F
               +-------+-------+-------+-------+-------+----------------------
         Total | 100.0 | 100.0 |   6.1 |  49.5 |  28.5 | 1638.2
       Dungeon |  19.2 |  17.7 |  13.4 |  30.2 |  44.4 | 1123.5
        Temple |   0.2 |   0.2 |  14.5 |   0.0 |  96.6 | 148.0
          Lair |  11.8 |  11.7 |   6.3 |  42.4 |  37.5 | 1859.0
         Swamp |   8.9 |   9.1 |   4.0 |  53.2 |  26.6 | 2162.0
   Spider Nest |   9.2 |   9.2 |   6.0 |  58.5 |  19.2 | 2188.0
    Slime Pits |   4.5 |   4.8 |   0.1 |  69.3 |   5.4 | 919.0
  Orcish Mines |   3.6 |   3.5 |   7.1 |  51.1 |  29.0 | 1676.0
   Elven Halls |   5.3 |   5.4 |   3.1 |  48.5 |  32.2 | 1724.3
        Vaults |   9.8 |  10.1 |   4.0 |  47.3 |  33.8 | 2389.8
        Depths |  12.1 |  12.2 |   5.1 |  54.7 |  24.3 | 2322.2
           Zot |  14.2 |  14.7 |   2.9 |  62.5 |  16.6 | 2784.2
         Abyss |   0.4 |   0.4 |   0.0 |  35.7 |   0.0 | 406.0
         Sewer |   0.2 |   0.2 |   0.0 |   0.0 |  14.2 | 169.0
       Volcano |   0.5 |   0.5 |   0.0 |  41.6 |   8.5 | 461.0
        Wizlab |   0.2 |   0.2 |   0.0 |  66.7 |   0.0 | 216.0
               +-------+-------+-------+-------+-------+----------------------

Table legend:
 A = Kills in this place as a percentage of kills in entire the game.
 B = Kills by you in this place as a percentage of kills by you in the entire game.
 C = Kills by friends in this place as a percentage of kills by friends in the entire game.
 D = Other kills in this place as a percentage of other kills in the entire game.
 E = Experience gained in this place as a percentage of experience gained in the entire game.
 F = Experience gained in this place divided by the number of levels of this place that you have seen.
                   A       B       C       D       E      F
               +-------+-------+-------+-------+-------+----------------------
         Total | 100.0 | 100.0 |   N/A | 100.0 | 100.0 | 27813.4
       Dungeon |  20.1 |  20.2 |   N/A |   0.0 |   5.1 | 5471.1
          Lair |   9.8 |   9.8 |   N/A |   0.0 |   4.0 | 10762.2
         Swamp |   7.9 |   7.9 |   N/A |  33.3 |   5.6 | 22775.2
   Spider Nest |   9.2 |   9.2 |   N/A |   0.0 |   6.6 | 26421.2
    Slime Pits |   5.2 |   5.2 |   N/A |   0.0 |   6.6 | 21181.0
  Orcish Mines |   5.1 |   5.1 |   N/A |   0.0 |   1.9 | 15017.0
   Elven Halls |   5.4 |   5.5 |   N/A |   0.0 |   5.8 | 30949.3
        Vaults |  12.2 |  12.2 |   N/A |   0.0 |  11.8 | 47454.2
        Depths |  12.2 |  12.3 |   N/A |   0.0 |  20.8 | 67098.6
           Zot |  10.6 |  10.5 |   N/A |  66.7 |  30.2 | 97546.2
         Abyss |   1.3 |   1.3 |   N/A |   0.0 |   1.2 | 18863.0
         Sewer |   0.3 |   0.3 |   N/A |   0.0 |   0.0 | 138.0
       Volcano |   0.5 |   0.5 |   N/A |   0.0 |   0.4 | 6909.0
        Wizlab |   0.3 |   0.3 |   N/A |   0.0 |   0.1 | 2013.0
               +-------+-------+-------+-------+-------+----------------------

Skill      XL: |  1  2  3  4  5  6  7  8  9 10 11 12 13 14 15 16 17 18 19 20 21 22 23 24 25 26 27 |
---------------+----------------------------------------------------------------------------------+-----
Earth Magic    | 4 5 6 7 8 9 10 11 12 13 14 16 18 19 20 21 22 24 | 24.0
Fighting       | 1 2 3 5 8 10 12 13 14 15 16 17 18 19 20 21 22 | 22.8
Spellcasting   | 3 4 5 7 9 10 11 12 13 14 15 16 17 18 19 20 21 22 | 22.2
Conjurations   | 1 2 3 4 7 9 11 12 13 14 15 16 17 18 | 18.0
Shields        | 3 4 8 11 13 15 | 15.0
Dodging        | 3 5 7 8 10 | 10.0
Polearms       | 3 4 |  4.9
Armour         | 2 6 7 9 11 12 14 15 16 18 | 18.0
Fire Magic     | 2 3 |  3.0
Translocations | 4 5 |  5.0
Summonings     | 3 6 8 10 | 10.0
Stealth        | |  2.1
Transmutations | |  0.7

Action                   |  1- 3 |  4- 6 |  7- 9 | 10-12 | 13-15 | 16-18 | 19-21 | 22-24 | 25-27 || total
-------------------------+-------+-------+-------+-------+-------+-------+-------+-------+-------++-------
Melee: Whip              |   133 |    71 |       |       |       |       |       |       |       ||   204
       Club              |    34 |       |       |       |       |       |       |       |       ||    34
       Staff             |       |    68 |    76 |    81 |   102 |    18 |    10 |     2 |       ||   357
       Demon trident     |       |       |    40 |    38 |    14 |   181 |   141 |    71 |   254 ||   739
Throw: Dart              |       |     1 |       |     4 |       |       |       |       |       ||     5
       Stone             |       |       |       |       |       |     1 |       |       |       ||     1
 Cast: Sandblast         |    23 |    51 |   118 |   135 |   122 |   191 |     7 |     1 |       ||   648
       Stone Arrow       |       |     4 |    31 |    41 |   351 |   497 |   485 |   217 |   297 ||  1923
       Lee's Rapid Decon |       |       |       |    91 |   150 |    98 |   159 |   196 |    49 ||   743
       Bolt of Magma     |       |       |       |       |     6 |   166 |   129 |    40 |    37 ||   378
       Iron Shot         |       |       |       |       |       |   104 |   211 |   293 |   709 ||  1317
       Passwall          |       |       |       |       |       |       |       |     2 |       ||     2
       Blink             |       |       |       |       |       |       |       |     1 |     1 ||     2
       Lehudib's Crystal |       |       |       |       |       |       |       |       |    25 ||    25
 Abil: Fly               |       |       |       |       |     1 |       |       |       |       ||     1
Evoke: Wand              |       |       |       |     5 |    17 |     4 |     5 |     6 |       ||    37
       Lightning rod     |       |       |       |     6 |     4 |       |     4 |       |       ||    14
  Use: Scroll            |       |     9 |     2 |    14 |    16 |    10 |    16 |     8 |    11 ||    86
       Potion            |       |       |       |       |       |     1 |     1 |     1 |     4 ||     7
 Stab: Sleeping          |       |     1 |     4 |       |       |       |       |       |       ||     5
  Eat: Chunk             |     2 |     8 |    15 |    22 |    39 |    37 |    56 |    47 |    35 ||   261
       Ration            |       |       |       |     2 |     3 |    10 |     4 |     1 |    13 ||    33
Armor: Robe              |    30 |       |       |       |     1 |       |       |       |       ||    31
       Leather armour    |    37 |    72 |    79 |    11 |       |       |       |       |       ||   199
       Troll leather arm |       |       |       |   109 |   155 |   361 |    31 |       |       ||   656
       Pearl dragon scal |       |       |       |       |       |       |   176 |   155 |   462 ||   793
Dodge: Dodged            |   132 |    92 |    83 |   137 |   229 |   599 |   256 |   146 |   590 ||  2264
Block: Buckler           |       |       |    30 |    57 |    89 |     1 |       |       |       ||   177
       Kite shield       |       |       |       |       |       |   495 |   366 |   234 |   683 ||  1778

Vanquished Creatures
  the Royal Jelly (Slime:5)
  Dissolution (Slime:3)
  3 orbs of fire
  Mara (Spider:3)
  6 ancient liches
  4 juggernauts
  Sojobo (Vaults:3)
  7 Killer Klowns
  Bai Suzhen (Swamp:4)
  Saint Roka (Orc:2)
  2 curse toes
  6 caustic shrikes
  8 golden dragons
  2 bone dragons
  4 electric golems
  20 tentacled monstrosities
  A Hell Sentinel (Zot:2)
  26 Orb Guardians
  Asterion (Lair:3)
  A lich (Vaults:4)
  A deep elf master archer (Elf:3)
  7 quicksilver dragons
  21 acid blobs
  11 death cobs
  An Executioner (Depths:5)
  A tentacled starspawn (Abyss:5)
  8 sphinxes
  Donald (Elf:1)
  3 thorn hunters
  3 tengu reavers
  11 shadow dragons
  9 storm dragons
  6 draconian monks
  5 fire giants
  5 draconian scorchers
  7 azure jellies
  5 frost giants
  6 draconian knights
  9 vault wardens
  2 iron dragons (Depths:4)
  6 ghost moths
  7 deep elf sorcerers
  2 balrugs
  Aizul (Swamp:2)
  3 draconian annihilators
  Louise (Swamp:2)
  2 reapers
  2 spriggan defenders
  5 deep elf elementalists
  6 ironheart preservers
  4 draconian shifters
  3 draconian stormcallers
  11 emperor scorpions
  13 very ugly things
  26 stone giants
  5 entropy weavers
  3 deep elf demonologists (Elf:3)
  10 green draconians
  2 vampire knights (Depths:5)
  7 deep elf annihilators (Elf:3)
  10 white draconians
  13 red draconians
  8 black draconians
  10 purple draconians
  6 yellow draconians
  A dire elephant (Lair:6)
  4 spark wasps
  8 fire dragons
  Erolcha (Orc:2)
  8 deep elf death magi
  5 death oozes
  10 ettins
  A deep elf high priest (Elf:3)
  14 ice dragons
  27 hydras
  Fannar (D:11)
  2 spriggan air magi
  3 shambling mangroves
  14 yaktaur captains
  4 rakshasas
  7 vault guards
  12 great orbs of eyes
  A hell beast (Depths:2)
  3 ghost crabs
  9 ogre magi
  16 dancing weapons
  A two-headed ogre (shapeshifter) (Depths:5)
  Erica (D:10)
  11 alligators
  9 deep troll earth magi
  7 death yaks
  8 deep troll shamans
  33 two-headed ogres
  7 centaur warriors
  8 orc high priests
  5 spriggan berserkers
  2 vampire magi
  13 spriggans
  5 tengu warriors
  Urug (Lair:3)
  3 sun demons
  Nergalle (D:10)
  A wretched star (Abyss:5)
  14 deep elf knights
  12 hell knights
  A titan skeleton (Depths:3)
  7 iron trolls
  8 skeletal warriors
  25 deep trolls
  A fire crab (shapeshifter) (Vaults:4)
  An unseen horror (D:15)
  2 spatial maelstroms (Abyss:5)
  11 wizards
  3 spriggan druids
  A gelid demonspawn (Orc:2)
  6 glowing orange brains
  A phantasmal warrior (Vaults:4)
  A storm dragon skeleton (Vaults:3)
  2 infernal demonspawn (Orc:2)
  14 ironbrand convokers
  15 swamp dragons
  5 flayed ghosts
  15 deep elf archers
  13 orc knights
  8 wolf spider zombies
  4 starcursed masses (Abyss:5)
  6 necromancers
  41 deep elf magi
  13 orc sorcerers
  An orb spider (shapeshifter) (Vaults:3)
  A tengu skeleton (Depths:2)
  52 ugly things
  20 orb spiders
  22 wolf spiders
  A salamander (shapeshifter) (Vaults:1)
  2 sphinx zombies (Depths:3)
  6 manticores
  15 oklob plants
  6 cyclopes
  8 shining eyes
  A manticore (shapeshifter) (Elf:2)
  30 moths of wrath
  A fire giant skeleton (Depths:2)
  5 toenail golems (Volcano)
  2 frost giant zombies
  3 black mambas
  A black mamba (shapeshifter) (Depths:3)
  14 elephants
  Maurice (Orc:2)
  A frost giant skeleton (Vaults:3)
  3 vault sentinels
  A torpor snail (Spider:2)
  2 orange demons
  3 gargoyles
  3 centaur skeletons
  2 smoke demons
  A hellion (Abyss:5)
  2 eyes of devastation
  A kobold demonologist (D:12)
  10 redback zombies (Spider:3)
  19 spiny frogs
  7 rime drakes
  2 freezing wraiths
  3 ice devils (Lair:6)
  14 demonic crawlers
  7 komodo dragons
  2 efreet
  43 yaktaurs
  4 tengu conjurers
  2 queen bees
  8 human skeletons (Vaults:3)
  A yaktaur skeleton (Vaults:3)
  3 red devils
  14 trolls
  29 jumping spiders
  A meliai (shapeshifter) (D:14)
  23 hornets
  A polar bear (Lair:5)
  15 tyrant leeches
  A shadow dragon simulacrum (Depths:2)
  115 slime creatures
  6 tarantella zombies (Spider:3)
  A hornet (shapeshifter) (Depths:2)
  2 raiju (Abyss:5)
  27 blink frogs
  A hippogriff (shapeshifter) (D:15)
  9 bog bodies
  12 hippogriffs
  2 shadows
  3 air elementals (Elf:2)
  30 tarantellas
  55 redbacks
  A vampire (D:10)
  4 wraiths
  14 water elementals
  2 ettin skeletons (Vaults:3)
  2 wyverns
  A yak (shapeshifter) (Vaults:1)
  7 fire bats
  A basilisk (D:13)
  42 yaks
  25 fire elementals
  13 golden eyes
  2 hungry ghosts
  A chaos spawn (Abyss:5)
  7 large abominations
  5 wargs
  20 vampire mosquitoes
  A spatial vortex (Abyss:5)
  A tengu zombie (Depths:2)
  An acid dragon (D:13)
  13 swamp worms
  A soldier ant (D:13)
  5 hell hounds
  15 insubstantial wisps
  9 water moccasins
  A deep troll skeleton (Vaults:3)
  2 floating eyes
  7 swamp drakes
  37 orc warriors
  6 porcupines
  5 ice beasts
  2 sky beasts
  Purgy (Sewer)
  A swamp drake (shapeshifter) (Depths:2)
  5 phantoms
  An eye of draining (shapeshifter) (Vaults:3)
  5 eyes of draining
  2 necrophages
  27 ogres
  A wolf (shapeshifter) (Vaults:2)
  23 wolves
  27 centaurs
  14 crocodiles
  4 big kobolds (D:9)
  A big kobold (shapeshifter) (Vaults:4)
  18 bullfrogs
  2 gnoll sergeants
  6 earth elementals
  5 small abominations
  A wyvern skeleton (D:13)
  5 scorpions
  46 killer bees
  8 wights
  2 electric eels
  5 howler monkeys
  2 crimson imps
  A centaur zombie (D:7)
  2 lava snakes (D:14)
  A bullfrog zombie (D:13)
  2 quasits
  8 jellies
  27 orc wizards
  34 orc priests
  A gnoll shaman (D:5)
  5 hounds
  2 bullfrog skeletons
  6 iguanas
  8 worker ants
  A hound zombie (D:5)
  A hound skeleton (D:4)
  2 worker ant zombies
  7 gnolls
  13 adders
  A shadow imp (D:13)
  8 oozes
  2 adder skeletons (D:7)
  4 worms
  4 dart slugs
  6 leopard geckos
  84 orcs
  2 ball pythons (D:3)
  11 giant cockroaches
  6 hobgoblins
  6 jackals
  27 kobolds
  7 quokkas
  5 bats
  2 frilled lizards (D:2)
  7 goblins (D:1)
  A quokka skeleton (D:5)
  8 rats
  2 briar patches (Swamp:2)
  7 bushes (Zot:2)
  A butterfly (D:7)
  3 fungi
  3 plants
  2 starspawn tentacles (Abyss:5)
2360 creatures vanquished.

Vanquished Creatures (others)
  A golden dragon (Zot:2)
  A tentacled monstrosity (Zot:2)
  A death cob (Zot:2)
  A draconian knight (Zot:2)
  A purple draconian (Zot:2)
  2 moths of wrath (Zot:2)
  A rime drake (Swamp:4)
  A tyrant leech (Swamp:3)
  A golden eye (Abyss:5)
  An orc warrior (Vaults:2)
  17 bushes
  23 fungi
  A lurking horror (Abyss:5)
  44 plants
  4 starspawn tentacles (Abyss:5)
  13 toadstools (D:4)
113 creatures vanquished.

Grand Total: 2473 creatures vanquished
